 Dungeon Crawl Stone Soup version 0.29.0-4-gdea44cf6ec (webtiles) character file.

Game seed: 13742035976684022087

34870 qw the Brawler (level 13, 118/127 HPs)
             Began as a Troll Cinder Acolyte on Sept 3, 2022.
             Was an Initiate of Okawaru.
             Quit the game on level 4 of the Lair of Beasts.
             The game lasted 00:21:58 (33586 turns).

qw the Brawler (Troll Cinder Acolyte)              Turns: 33586, Time: 00:21:58

Health: 118/127    AC: -1    Str: 29    XL:     13   Next: 44%
Magic:  16/16      EV:  9    Int: 13    God:    Okawaru [......]
Gold:   1214       SH:  5    Dex:  5    Spells: 14/14 levels left

rFire   . . .      SeeInvis .     - Unarmed
rCold   + . .      Faith    .   (no shield)
rNeg    . . .      Spirit   .   f - +0 troll leather armour
rPois   +          Reflect  +   (helmet restricted)
rElec   +          Harm     .   v - scarf {repulsion}
rCorr   .          Rampage  .   (gloves unavailable)
Will    .....                   (boots unavailable)
Stlth   +.........              d - amulet of reflection
HPRegen 1.91/turn               u - +4 ring of slaying {mikee}
MPRegen 0.15/turn               p - ring of Suspected Treachery {Fly rElec rPois rC+ Int+3}

@: corroded, flying, repel missiles, bezotted
A: large, unfitting armour, claws 3, regeneration 1, shaggy fur 1, tough skin 1
a: Renounce Religion


You were on level 4 of the Lair of Beasts.
You worshipped Okawaru.
Okawaru was noncommittal.
You visited 3 branches of the dungeon, and saw 15 of its levels.
You also visited: Sewer.

You collected 1214 gold pieces.


Innate Abilities, Weirdness & Mutations

You are too large for most types of armour.
You have claws for hands.
Your natural rate of healing is unusually fast.
You are covered in fur. (AC +1)
You have tough skin. (AC +1)


   Skills:
 - Level 8.0 Fighting
 + Level 5.8 Throwing
 - Level 2.9 Armour
 - Level 3.9 Dodging
 - Level 18.1 Unarmed Combat
 - Level 1.0 Spellcasting
 - Level 2.1 Fire Magic
 - Level 6.6 Invocations


You had 14 spell levels left.
You didn't know any spells.
Your spell library contained the following spells:

 Spells                   Type           Power      Damage    Failure   Level
 Scorch                   Fire           12%        2d6       19%         2

Inventory:

Missiles
 h - a silver javelin (quivered)
 l - 6 boomerangs
 w - 2 javelins
Armour
 f - a +0 troll leather armour (worn)
 o - a +2 cloak
 s - a +2 robe of cold resistance
 v - a scarf of repulsion (worn)
Jewellery
 a - a ring of protection from fire
 d - an amulet of reflection (around neck)
 i - a ring of resist corrosion
 n - a ring of fire
 p - the ring of Suspected Treachery (right claw) {Fly rElec rPois rC+ Int+3}
   (You found it on level 7 of the Dungeon)

   [ring of flight]

   Int:       It affects your intelligence (+3).
   rC:        It protects you from cold.
   rElec:     It insulates you from electricity.
   rPois:     It protects you from poison.
   Fly:       It grants you flight.
 u - a +4 ring of slaying (left claw) {mikee}
Scrolls
 j - 8 scrolls of identify
 m - a scroll of teleportation
 q - a scroll of enchant armour
 r - a scroll of enchant weapon
Potions
 b - 4 potions of haste
 c - 7 potions of curing
 e - 2 potions of resistance
 g - 2 potions of might
 k - 3 potions of heal wounds
 t - a potion of mutation

Dungeon Overview and Level Annotations

Branches:
Dungeon (10/15)            Temple (1/1) D:4            Lair (4/5) D:10 Zot: 219
  Swamp (0/4) Lair:3        Snake (0/4) Lair:3        Slime (0/5) Lair:4
    Orc (0/2) D:9           Sewer (visited)

Altars:
Ashenzari
Cheibriados
Dithmenos
Fedhas
Gozag
Makhleb
Okawaru
Qazlal
Ru
Sif Muna
Trog
Yredelemnul
The Shining One
Jiyva

Annotations:
D:9 3 runed translucent doors, qw's ghost, journeyman TrCA
Lair:4 2 transporters, qw's ghost, journeyman TrCA


Message History

Enter note:
Enter note:
Enter note:
Enter note:
Enter note:
Enter note:
Enter note:
Enter note:
Enter note:
Enter note:
Enter note:
Enter note:
Enter note:
Enter note:
Enter note:
Enter note:
Enter note:
Enter note:
Enter note:
Enter note:
Enter note:
Enter note:
Enter note:
Enter note:
Enter note:
Enter note:
Enter note:
Enter note:
Enter note:
Enter note:
Enter note:
Enter note:
Enter note:
Enter note:
Enter note:
Enter note:
Enter note:
Enter note:
33586 ||| PLANNING LAIR Are you sure you want to abandon this character and quit the game? (Confirm with "yes".)

##P..................
#....................
#..................#. ###
#.......######'###### #.## ###
##......#P~~.....~~P# ...# ##.##
##......#P~.......~P# ..##
#...###.##....#P~.......~P# ..#
##....#.####...#P~.......~P# .##
#......####@...#P~.......~P# .#
##...........####P~~.....~~P# P#
##...........## #####...#####
####.............###
...#.............#.# ########
##................## #.......
##...............#########.......
##.../...........##.P.##PP.......
#................................


There were no monsters in sight!

Vanquished Creatures
  7 hydras
  A two-headed ogre (D:9)
  5 death yaks (Lair:4)
  Amaemon (D:8)
  A lindwurm (Lair:1)
  Pikel (D:5)
  5 elephants
  Joseph (D:7)
  7 cane toads
  5 torpor snails
  An orange demon (D:8)
  A gargoyle (D:10)
  A kobold demonologist (D:10)
  4 rime drakes
  5 komodo dragons
  2 trolls
  2 polar bears
  12 blink frogs
  Prince Ribbit (D:7)
  4 slime creatures (D:9)
  14 dream sheep (Lair:4)
  17 yaks
  7 wyverns
  A ynoxinul (D:8)
  7 fire elementals
  Grum (D:10)
  2 basilisks
  3 nagas (Lair:3)
  11 water moccasins
  A black bear (D:10)
  7 orc warriors
  An ice beast (D:6)
  2 sky beasts
  4 wolves (D:10)
  2 ogres
  6 centaurs
  A phantom (D:6)
  2 lemures (D:5)
  3 kobold brigands
  2 gnoll sergeants (D:10)
  8 bullfrogs
  2 necrophages
  4 scorpions
  3 wights (D:8)
  12 killer bees
  2 electric eels (Lair:2)
  2 hounds
  6 jellies (Lair:4)
  6 orc priests
  Ijyb (D:5)
  2 gnoll boudas
  4 iguanas
  15 orc wizards
  27 gnolls
  6 adders
  2 worms
  3 dart slugs
  59 orcs
  5 ball pythons
  4 endoplasms
  3 giant cockroaches
  5 goblins
  7 hobgoblins
  4 jackals (D:1)
  5 quokkas
  3 bats
  10 frilled lizards
  58 kobolds
  7 rats
436 creatures vanquished.

Vanquished Creatures (others)
  An orc wizard (D:8)
  7 fungi
  4 plants (Lair:4)
12 creatures vanquished.

Grand Total: 448 creatures vanquished

Notes
Turn   | Place    | Note
-------+----------+-------------------------------------------
     0 | D:1      | qw the Troll Cinder Acolyte began the quest for the Orb.
     0 | D:1      | Reached XP level 1. HP: 22/22 MP: 1/1
     0 | D:1      | 0 ||| qw: Version: 0.1-a-102-g441f92d
     0 | D:1      | 0 ||| qw: Game counter: 5182
     0 | D:1      | 0 ||| qw: Always use a shield: true
     0 | D:1      | 0 ||| qw: God list: Okawaru
     0 | D:1      | 0 ||| qw: Allow faded altars: false
     0 | D:1      | 0 ||| qw: Do Orc after D:15 true
     0 | D:1      | 0 ||| qw: Do second Lair branch before Depths: true
     0 | D:1      | 0 ||| qw: Lair rune preference: random
     0 | D:1      | 0 ||| qw: Plans: Normal
     0 | D:1      | 0 ||| PLANNING D:1-11
    41 | D:1      | Found a faded altar of an unknown god.
    87 | D:1      | 87 ||| Stepping ~*~*~tactically~*~*~ (stealth).
   154 | D:1      | Reached XP level 2. HP: 29/29 MP: 2/2
   212 | D:1      | 212 ||| Stepping ~*~*~tactically~*~*~ (outnumbered).
   368 | D:1      | Reached skill level 4 in Unarmed Combat
   563 | D:1      | 563 ||| Stepping ~*~*~tactically~*~*~ (stealth).
   594 | D:1      | 594 ||| Stepping ~*~*~tactically~*~*~ (hiding).
   603 | D:1      | Reached XP level 3. HP: 22/36 MP: 3/3
   686 | D:1      | 686 ||| UPGRADING to amulet of reflection.
   691 | D:1      | 691 ||| READING scroll labelled EVOXZI OTIOTUC.
   696 | D:1      | 696 ||| DRINKING 2 pink potions.
   800 | D:1      | 800 ||| DROPPING potion of berserk rage.
   827 | D:2      | 827 ||| STAIRDANCE
  1563 | D:2      | 1563 ||| DROPPING ring of wizardry.
  1564 | D:2      | 1564 ||| READING scroll labelled MERUT FOACKIFF.
  1565 | D:2      | 1565 ||| READING scroll labelled NUGHY XALEBAGG.
  1566 | D:2      | 1566 ||| READING scroll labelled YGHIYR WAANOUSM.
  1567 | D:2      | 1567 ||| DRINKING 2 red potions.
  1568 | D:2      | 1568 ||| DRINKING 2 metallic pink potions.
  1618 | D:2      | 1618 ||| DROPPING potion of lignification.
  1659 | D:3      | Reached XP level 4. HP: 44/44 MP: 4/4
  1752 | D:3      | Identified the +1 plate armour of Dogmatism {Contam Rampage
                  | Dex+7}
  1770 | D:3      | Reached skill level 5 in Unarmed Combat
  1871 | D:3      | 1871 ||| Stepping ~*~*~tactically~*~*~ (stealth).
  1873 | D:3      | 1873 ||| Stepping ~*~*~tactically~*~*~ (stealth).
  1876 | D:3      | 1876 ||| INVOKING Fiery Armour.
  1880 | D:3      | 1880 ||| Stepping ~*~*~tactically~*~*~ (outnumbered).
  1887 | D:3      | 1887 ||| Stepping ~*~*~tactically~*~*~ (outnumbered).
  1939 | D:3      | 1939 ||| Stepping ~*~*~tactically~*~*~ (stealth).
  1946 | D:3      | 1946 ||| Stepping ~*~*~tactically~*~*~ (outnumbered).
  1986 | D:3      | 1986 ||| Stepping ~*~*~tactically~*~*~ (outnumbered).
  1999 | D:3      | 1999 ||| Stepping ~*~*~tactically~*~*~ (outnumbered).
  2033 | D:3      | 2033 ||| Stepping ~*~*~tactically~*~*~ (stealth).
  2041 | D:3      | 2041 ||| INVOKING Fiery Armour.
  2044 | D:3      | 2044 ||| Stepping ~*~*~tactically~*~*~ (outnumbered).
  2048 | D:3      | 2048 ||| Stepping ~*~*~tactically~*~*~ (outnumbered).
  2049 | D:3      | 2049 ||| Stepping ~*~*~tactically~*~*~ (outnumbered).
  2050 | D:3      | 2050 ||| Stepping ~*~*~tactically~*~*~ (outnumbered).
  2051 | D:3      | 2051 ||| Stepping ~*~*~tactically~*~*~ (outnumbered).
  2054 | D:3      | Reached XP level 5. HP: 50/50 MP: 5/5
  2076 | D:3      | Reached skill level 6 in Unarmed Combat
  2138 | D:3      | 2138 ||| Stepping ~*~*~tactically~*~*~ (stealth).
  2176 | D:3      | 2176 ||| Stepping ~*~*~tactically~*~*~ (stealth).
  2182 | D:3      | 2182 ||| INVOKING Fiery Armour.
  2183 | D:3      | 2183 ||| Stepping ~*~*~tactically~*~*~ (outnumbered).
  2185 | D:3      | 2185 ||| Stepping ~*~*~tactically~*~*~ (outnumbered).
  2186 | D:3      | 2186 ||| Stepping ~*~*~tactically~*~*~ (outnumbered).
  2187 | D:3      | 2187 ||| Stepping ~*~*~tactically~*~*~ (outnumbered).
  2190 | D:3      | 2190 ||| FLEEEEING.
  2191 | D:3      | 2191 ||| FLEEEEING.
  2207 | D:3      | 2207 ||| Stepping ~*~*~tactically~*~*~ (outnumbered).
  2212 | D:3      | Reached XP level 6. HP: 53/59 MP: 6/6
  2212 | D:3      | 2212 ||| Stepping ~*~*~tactically~*~*~ (outnumbered).
  2213 | D:3      | 2213 ||| Stepping ~*~*~tactically~*~*~ (outnumbered).
  2214 | D:3      | 2214 ||| Stepping ~*~*~tactically~*~*~ (outnumbered).
  2215 | D:3      | 2215 ||| Stepping ~*~*~tactically~*~*~ (outnumbered).
  2222 | D:3      | 2222 ||| Stepping ~*~*~tactically~*~*~ (outnumbered).
  2223 | D:3      | 2223 ||| Stepping ~*~*~tactically~*~*~ (outnumbered).
  2224 | D:3      | 2224 ||| Stepping ~*~*~tactically~*~*~ (outnumbered).
  2225 | D:3      | 2225 ||| Stepping ~*~*~tactically~*~*~ (outnumbered).
  2227 | D:3      | 2227 ||| Stepping ~*~*~tactically~*~*~ (outnumbered).
  2228 | D:3      | 2228 ||| Stepping ~*~*~tactically~*~*~ (outnumbered).
  2229 | D:3      | 2229 ||| Stepping ~*~*~tactically~*~*~ (outnumbered).
  2230 | D:3      | 2230 ||| Stepping ~*~*~tactically~*~*~ (outnumbered).
  2232 | D:3      | 2232 ||| Stepping ~*~*~tactically~*~*~ (outnumbered).
  2234 | D:3      | Reached skill level 7 in Unarmed Combat
  2576 | D:3      | 2576 ||| Stepping ~*~*~tactically~*~*~ (hiding).
  2831 | D:3      | 2831 ||| READING 3 scrolls labelled TITYZIBL BUFUSK.
  2832 | D:3      | 2832 ||| READING scroll labelled PAMIFUX RAJ.
  2833 | D:3      | 2833 ||| DRINKING 2 sedimented clear potions.
  2834 | D:3      | 2834 ||| READING 2 scrolls of identify.
  2834 | D:3      | 2834 ||| IDENTIFYING white potion
  2876 | D:4      | 2876 ||| PLANNING SEWER
  2928 | D:4      | 2928 ||| Stepping ~*~*~tactically~*~*~ (stealth).
  2931 | D:4      | 2931 ||| Stepping ~*~*~tactically~*~*~ (stealth).
  2938 | D:4      | 2938 ||| Stepping ~*~*~tactically~*~*~ (outnumbered).
  2972 | D:4      | Found a glowing drain.
  2973 | D:4      | 2973 ||| DRINKING 2 sedimented yellow potions.
  2974 | D:4      | 2974 ||| DROPPING potion of invisibility.
  2983 | Sewer    | Entered a sewer
  3231 | Sewer    | 3231 ||| DRINKING 2 dark potions.
  3232 | Sewer    | 3232 ||| READING 3 scrolls of identify.
  3232 | Sewer    | 3232 ||| IDENTIFYING bubbling white potion
  3233 | Sewer    | 3233 ||| READING 2 scrolls of identify.
  3233 | Sewer    | 3233 ||| IDENTIFYING silvery potion
  3234 | Sewer    | 3234 ||| DROPPING potion of brilliance.
  3280 | D:4      | 3280 ||| PLANNING D:1-11
  3326 | D:4      | Found a staircase to the Ecumenical Temple.
  3405 | D:4      | 3405 ||| INVOKING Fiery Armour.
  3408 | D:4      | 3408 ||| Stepping ~*~*~tactically~*~*~ (outnumbered).
  3410 | D:4      | 3410 ||| Stepping ~*~*~tactically~*~*~ (stealth).
  3418 | D:4      | 3418 ||| Stepping ~*~*~tactically~*~*~ (hiding).
  3430 | D:4      | 3430 ||| Stepping ~*~*~tactically~*~*~ (stealth).
  3431 | D:4      | 3431 ||| Stepping ~*~*~tactically~*~*~ (stealth).
  3555 | D:4      | 3555 ||| INVOKING Fiery Armour.
  3579 | D:4      | Reached skill level 8 in Unarmed Combat
  3716 | D:4      | Reached XP level 7. HP: 66/66 MP: 7/7
  3839 | D:4      | 3839 ||| READING 3 scrolls labelled JIECIL YGYRAS.
  3840 | D:4      | 3840 ||| READING 2 scrolls labelled EMMACS EXKE.
  3841 | D:4      | 3841 ||| READING 2 scrolls labelled NIXAIS DEOLUSM.
  3842 | D:4      | 3842 ||| DRINKING 2 viscous white potions.
  3843 | D:4      | 3843 ||| READING 2 scrolls of identify.
  3843 | D:4      | 3843 ||| IDENTIFYING bubbling blue potion
  3844 | D:4      | 3844 ||| DROPPING potion of attraction.
  3845 | D:4      | 3845 ||| DROPPING potion of flight.
  3846 | D:4      | 3846 ||| DROPPING scroll of vulnerability.
  3847 | D:4      | 3847 ||| DROPPING scroll of immolation.
  3865 | D:5      | Entered Level 5 of the Dungeon
  3867 | D:5      | 3867 ||| STAIRDANCE
  3883 | D:5      | 3883 ||| STAIRDANCE
  3885 | D:4      | 3885 ||| INVOKING Fiery Armour.
  3887 | D:4      | HP: 15/66 [killer bee (2)]
  3888 | D:4      | Reached skill level 3 in Fighting
  3888 | D:4      | 3888 ||| READING scroll of teleportation.
  3889 | D:4      | 3889 ||| DRINKING 2 potions of heal wounds.
  3892 | D:4      | 3892 ||| DRINKING potion of heal wounds.
  4082 | D:5      | 4082 ||| Stepping ~*~*~tactically~*~*~ (stealth).
  4084 | D:5      | 4084 ||| Stepping ~*~*~tactically~*~*~ (stealth).
  4094 | D:5      | Reached skill level 9 in Unarmed Combat
  4105 | D:5      | Found an opulent altar of Gozag.
  4106 | D:5      | 4106 ||| Stepping ~*~*~tactically~*~*~ (stealth).
  4181 | D:5      | Reached skill level 1 in Throwing
  4266 | D:5      | Noticed Pikel
  4273 | D:5      | 4273 ||| Stepping ~*~*~tactically~*~*~ (outnumbered).
  4280 | D:5      | Killed Pikel
  4281 | D:5      | Reached skill level 3 in Dodging
  4281 | D:5      | Reached XP level 8. HP: 56/75 MP: 8/8
  4601 | D:5      | Noticed Ijyb
  4608 | D:5      | Killed Ijyb
  4665 | D:5      | Found a glowing golden altar of the Shining One.
  4724 | D:5      | 4724 ||| Stepping ~*~*~tactically~*~*~ (hiding).
  4879 | D:5      | 4879 ||| READING scroll labelled PEXTIBBUDDI.
  4880 | D:5      | 4880 ||| READING scroll labelled WEOR MIMAM.
  4881 | D:5      | 4881 ||| DRINKING 2 golden potions.
  4882 | D:5      | 4882 ||| DROPPING potion of degeneration.
  4883 | D:5      | 4883 ||| READING 3 scrolls of teleportation.
  5103 | D:6      | 5103 ||| UPGRADING to ring of resist corrosion.
  5104 | D:6      | 5104 ||| READING 3 scrolls of teleportation.
  5106 | D:6      | 5106 ||| FLEEEEING.
  5107 | D:6      | 5107 ||| FLEEEEING.
  5107 | D:6      | Found a sacrificial altar of Ru.
  5107 | D:6      | Found a stormy altar of Qazlal.
  5120 | D:6      | Reached skill level 10 in Unarmed Combat
  5285 | D:6      | Reached XP level 9. HP: 84/84 MP: 9/9
  5342 | D:6      | 5342 ||| READING 3 scrolls of teleportation.
  5413 | D:6      | 5413 ||| Stepping ~*~*~tactically~*~*~ (stealth).
  5685 | D:6      | 5685 ||| READING scroll labelled WULUIC COETUSS.
  5686 | D:6      | 5686 ||| READING 4 scrolls of identify.
  5686 | D:6      | 5686 ||| IDENTIFYING smoky sapphire potion
  5687 | D:6      | 5687 ||| READING 3 scrolls of identify.
  5687 | D:6      | 5687 ||| IDENTIFYING viscous cyan potion
  5688 | D:6      | 5688 ||| DROPPING potion of ambrosia.
  5689 | D:6      | 5689 ||| DROPPING potion of magic.
  5704 | D:7      | Noticed Prince Ribbit
  5715 | D:7      | Killed Prince Ribbit
  5799 | D:7      | Reached skill level 3 in Throwing
  5902 | D:7      | Noticed Joseph
  5903 | D:7      | 5903 ||| Stepping ~*~*~tactically~*~*~ (hiding).
  5915 | D:7      | Killed Joseph
  5916 | D:7      | Reached skill level 11 in Unarmed Combat
  6054 | D:7      | Identified the ring of Suspected Treachery {Fly rElec rPois
                  | rC+ Int+3}
  6194 | D:7      | 6194 ||| UPGRADING to +0 cloak.
  6199 | D:7      | 6199 ||| READING 2 scrolls of enchant armour.
  6199 | D:7      | 6199 ||| ENCHANTING +0 cloak.
  6200 | D:7      | 6200 ||| READING scroll of enchant armour.
  6200 | D:7      | 6200 ||| ENCHANTING +1 cloak.
  6201 | D:7      | 6201 ||| UPGRADING to ring of Suspected Treachery {Fly
                  | rElec rPois rC+ Int+3}.
  6276 | D:8      | 6276 ||| INVOKING Fiery Armour.
  6277 | D:8      | 6277 ||| FLEEEEING.
  6278 | D:8      | 6278 ||| FLEEEEING.
  6279 | D:8      | 6279 ||| FLEEEEING.
  6290 | D:8      | 6290 ||| DRINKING 5 potions of curing.
  6290 | D:8      | 6290 ||| (to cure confusion)
  6291 | D:8      | 6291 ||| Stepping ~*~*~tactically~*~*~ (outnumbered).
  6294 | D:8      | 6294 ||| Stepping ~*~*~tactically~*~*~ (outnumbered).
  6305 | D:8      | Reached skill level 12 in Unarmed Combat
  6307 | D:8      | HP: 18/84 [orc wizard/magic dart (6)]
  6308 | D:8      | 6308 ||| READING 3 scrolls of teleportation.
  6309 | D:8      | 6309 ||| DRINKING 2 potions of heal wounds.
  6310 | D:8      | 6310 ||| Stepping ~*~*~tactically~*~*~ (outnumbered).
  6412 | D:8      | 6412 ||| Invisible monster not found???
  6530 | D:8      | 6530 ||| Stepping ~*~*~tactically~*~*~ (stealth).
  6531 | D:8      | 6531 ||| Stepping ~*~*~tactically~*~*~ (stealth).
  6534 | D:8      | Reached XP level 10. HP: 93/94 MP: 10/10
  6564 | D:8      | 6564 ||| Stepping ~*~*~tactically~*~*~ (hiding).
  6565 | D:8      | 6565 ||| Stepping ~*~*~tactically~*~*~ (hiding).
  6712 | D:8      | Found a shimmering blue altar of Sif Muna.
  6717 | D:8      | 6717 ||| INVOKING Fiery Armour.
  6718 | D:8      | 6718 ||| Stepping ~*~*~tactically~*~*~ (outnumbered).
  6719 | D:8      | 6719 ||| Stepping ~*~*~tactically~*~*~ (outnumbered).
  6780 | D:8      | Found a bloodstained altar of Trog.
  6792 | D:8      | Noticed Amaemon
  6792 | D:8      | Noticed an orange demon
  6793 | D:8      | 6793 ||| Stepping ~*~*~tactically~*~*~ (stealth).
  6795 | D:8      | 6795 ||| Stepping ~*~*~tactically~*~*~ (hiding).
  6800 | D:8      | 6800 ||| Stepping ~*~*~tactically~*~*~ (outnumbered).
  6811 | D:8      | Killed Amaemon
  6817 | D:8      | Killed an orange demon
  7014 | D:8      | 7014 ||| UPGRADING to +1 robe of cold resistance.
  7024 | D:8      | 7024 ||| DROPPING +0 robe.
  7025 | D:8      | 7025 ||| UPGRADING to +2 robe of cold resistance.
  7035 | D:8      | 7035 ||| DROPPING +1 robe of cold resistance.
  7036 | D:8      | 7036 ||| READING scroll labelled BUDGHI OPEA.
  7137 | D:8      | 7137 ||| READING 2 scrolls of identify.
  7137 | D:8      | 7137 ||| IDENTIFYING purple potion
  7150 | D:9      | 7150 ||| STAIRDANCE
  7157 | D:9      | 7157 ||| STAIRDANCE
  7163 | D:9      | Found a staircase to the Orcish Mines.
  7247 | D:9      | 7247 ||| READING 2 scrolls of teleportation.
  7259 | D:9      | 7259 ||| Stepping ~*~*~tactically~*~*~ (hiding).
  7434 | D:9      | 7434 ||| Stepping ~*~*~tactically~*~*~ (stealth).
  7459 | D:9      | Reached skill level 13 in Unarmed Combat
  7471 | D:9      | Found a runed translucent gate.
  7471 | D:9      | Found a runed translucent gate.
  7471 | D:9      | Noticed a spectral centaur warrior
  7472 | D:9      | Found a runed translucent gate.
  7473 | D:9      | Noticed a spectral centaur warrior
  7474 | D:9      | Noticed a spectral centaur warrior
  7474 | D:9      | Noticed qw's ghost (journeyman TrCA)
  7533 | D:9      | 7533 ||| Stepping ~*~*~tactically~*~*~ (hiding).
  7534 | D:9      | 7534 ||| Stepping ~*~*~tactically~*~*~ (hiding).
  7560 | D:9      | Noticed a two-headed ogre
  7569 | D:9      | 7569 ||| INVOKING Fiery Armour.
  7570 | D:9      | Killed a two-headed ogre
  7651 | D:9      | 7651 ||| Stepping ~*~*~tactically~*~*~ (outnumbered).
  7679 | D:9      | 7679 ||| Stepping ~*~*~tactically~*~*~ (outnumbered).
  7688 | D:9      | 7688 ||| INVOKING Fiery Armour.
  7750 | D:9      | 7750 ||| Stepping ~*~*~tactically~*~*~ (stealth).
  7756 | D:9      | 7756 ||| Stepping ~*~*~tactically~*~*~ (hiding).
  7788 | D:9      | 7788 ||| Stepping ~*~*~tactically~*~*~ (stealth).
  7791 | D:9      | 7791 ||| Stepping ~*~*~tactically~*~*~ (stealth).
  7801 | D:9      | Identified the +11 chain mail of the Devil's Advocate
                  | {-Cast Harm Str+2}
  7980 | D:9      | 7980 ||| Stepping ~*~*~tactically~*~*~ (hiding).
  8003 | D:9      | Reached XP level 11. HP: 98/104 MP: 11/11
  8109 | D:9      | 8109 ||| UPGRADING to ring of protection from fire.
  8111 | D:9      | 8111 ||| READING 2 scrolls labelled OTAMIPP UROURCH.
  8137 | D:10     | Entered Level 10 of the Dungeon
  8160 | D:10     | 8160 ||| Stepping ~*~*~tactically~*~*~ (hiding).
  8163 | D:10     | 8163 ||| Stepping ~*~*~tactically~*~*~ (outnumbered).
  8193 | D:10     | 8193 ||| FLEEEEING.
  8242 | D:10     | Noticed Grum
  8243 | D:10     | 8243 ||| Stepping ~*~*~tactically~*~*~ (hiding).
  8250 | D:10     | 8250 ||| INVOKING Fiery Armour.
  8251 | D:10     | 8251 ||| Stepping ~*~*~tactically~*~*~ (outnumbered).
  8257 | D:10     | Killed Grum
  8258 | D:10     | 8258 ||| FLEEEEING.
  8261 | D:10     | 8261 ||| FLEEEEING.
  8262 | D:10     | 8262 ||| FLEEEEING.
  8281 | D:10     | 8281 ||| Stepping ~*~*~tactically~*~*~ (stealth).
  8287 | D:10     | 8287 ||| Stepping ~*~*~tactically~*~*~ (stealth).
  8293 | D:10     | 8293 ||| Stepping ~*~*~tactically~*~*~ (stealth).
  8296 | D:10     | 8296 ||| Stepping ~*~*~tactically~*~*~ (stealth).
  8301 | D:10     | 8301 ||| Stepping ~*~*~tactically~*~*~ (stealth).
  8304 | D:10     | 8304 ||| Stepping ~*~*~tactically~*~*~ (stealth).
  8307 | D:10     | Reached skill level 14 in Unarmed Combat
  8313 | D:10     | 8313 ||| Stepping ~*~*~tactically~*~*~ (outnumbered).
  8414 | D:10     | 8414 ||| INVOKING Fiery Armour.
  8418 | D:10     | 8418 ||| Stepping ~*~*~tactically~*~*~ (hiding).
  8420 | D:10     | Reached skill level 6 in Fighting
  8420 | D:10     | 8420 ||| FLEEEEING.
  8421 | D:10     | 8421 ||| FLEEEEING.
  8422 | D:10     | 8422 ||| FLEEEEING.
  8423 | D:10     | 8423 ||| FLEEEEING.
  8424 | D:10     | 8424 ||| FLEEEEING.
  8425 | D:10     | 8425 ||| FLEEEEING.
  8428 | D:10     | 8428 ||| Stepping ~*~*~tactically~*~*~ (hiding).
  8487 | D:10     | 8487 ||| Stepping ~*~*~tactically~*~*~ (stealth).
  8494 | D:10     | 8494 ||| Stepping ~*~*~tactically~*~*~ (outnumbered).
  8495 | D:10     | 8495 ||| Stepping ~*~*~tactically~*~*~ (outnumbered).
  8506 | D:10     | 8506 ||| Stepping ~*~*~tactically~*~*~ (outnumbered).
  8507 | D:10     | 8507 ||| Stepping ~*~*~tactically~*~*~ (outnumbered).
  8510 | D:10     | 8510 ||| Stepping ~*~*~tactically~*~*~ (outnumbered).
  8521 | D:10     | 8521 ||| Stepping ~*~*~tactically~*~*~ (stealth).
  8522 | D:10     | 8522 ||| Stepping ~*~*~tactically~*~*~ (stealth).
  8525 | D:10     | 8525 ||| Stepping ~*~*~tactically~*~*~ (stealth).
  8549 | D:10     | Found a staircase to the Lair.
  9011 | D:10     | 9011 ||| PLANNING LAIR
  9011 | D:10     | 9011 ||| UPGRADING to +0 troll leather armour.
  9021 | D:10     | 9021 ||| READING scroll labelled OSYSOO BAPPEKIMN.
  9029 | Lair:1   | Entered Level 1 of the Lair of Beasts
  9099 | Lair:1   | Noticed an eight-headed hydra
  9100 | Lair:1   | 9100 ||| INVOKING Fiery Armour.
  9104 | Lair:1   | Killed a ten-headed hydra
  9105 | Lair:1   | Reached skill level 15 in Unarmed Combat
  9142 | Lair:1   | 9142 ||| Stepping ~*~*~tactically~*~*~ (stealth).
  9144 | Lair:1   | 9144 ||| Stepping ~*~*~tactically~*~*~ (stealth).
  9147 | Lair:1   | 9147 ||| Stepping ~*~*~tactically~*~*~ (stealth).
  9193 | Lair:1   | 9193 ||| PLANNING TEMPLE
  9193 | Lair:1   | 9193 ||| UPGRADING to scarf of repulsion.
  9203 | Lair:1   | 9203 ||| DROPPING ring of resist corrosion.
  9204 | Lair:1   | 9204 ||| UPGRADING to +4 ring of slaying {mikee}.
  9438 | Temple   | Entered the Ecumenical Temple
  9446 | Temple   | 9446 ||| PLANNING CONVERSION TO OKAWARU
  9453 | Temple   | Fell from the grace of Ignis
  9453 | Temple   | Became a worshipper of Warmaster Okawaru
  9454 | Temple   | 9454 ||| PLANNING LAIR
  9694 | Lair:1   | Noticed a lindwurm
  9695 | Lair:1   | 9695 ||| Stepping ~*~*~tactically~*~*~ (stealth).
  9706 | Lair:1   | Killed a lindwurm
  9781 | Lair:1   | Reached * piety under Okawaru
  9808 | Lair:1   | You are sucked into a shaft and drop 1 floor!
  9829 | Lair:2   | 9829 ||| INVOKING Heroism.
  9890 | Lair:2   | Noticed a seven-headed hydra
  9891 | Lair:2   | 9891 ||| INVOKING Heroism.
  9900 | Lair:2   | Killed a ten-headed hydra
  9901 | Lair:2   | Reached skill level 16 in Unarmed Combat
  9901 | Lair:2   | Reached skill level 1 in Invocations
  9901 | Lair:2   | Reached XP level 12. HP: 59/114 MP: 9/12
 10003 | Lair:1   | 10003 ||| INVOKING Heroism.
 10026 | Lair:1   | 10026 ||| INVOKING Heroism.
 10051 | Lair:1   | 10051 ||| DRINKING 6 potions of curing.
 10051 | Lair:1   | 10051 ||| (to cure confusion)
 10068 | Lair:1   | Reached ** piety under Okawaru
 10166 | Lair:1   | Reached skill level 3 in Invocations
 10223 | Lair:1   | You are sucked into a shaft and drop 1 floor!
 10360 | Lair:2   | 10360 ||| Stepping ~*~*~tactically~*~*~ (stealth).
 10361 | Lair:2   | 10361 ||| Stepping ~*~*~tactically~*~*~ (stealth).
 10362 | Lair:2   | 10362 ||| Stepping ~*~*~tactically~*~*~ (stealth).
 10459 | Lair:2   | 10459 ||| INVOKING Heroism.
 10500 | Lair:2   | 10500 ||| Stepping ~*~*~tactically~*~*~ (stealth).
 10503 | Lair:2   | 10503 ||| Stepping ~*~*~tactically~*~*~ (stealth).
 10506 | Lair:2   | 10506 ||| INVOKING Heroism.
 10507 | Lair:2   | 10507 ||| Stepping ~*~*~tactically~*~*~ (outnumbered).
 10570 | Lair:1   | Was forgiven by Ignis
 10602 | Lair:2   | Noticed a seven-headed hydra
 10603 | Lair:2   | 10603 ||| INVOKING Heroism.
 10610 | Lair:2   | Killed a nine-headed hydra
 11013 | Lair:2   | 11013 ||| DROPPING scarf of invisibility.
 11014 | Lair:2   | 11014 ||| READING scroll labelled KORURAKHOU.
 11084 | Lair:3   | Noticed an eight-headed hydra
 11085 | Lair:3   | 11085 ||| INVOKING Heroism.
 11090 | Lair:3   | Killed a 13-headed hydra
 11091 | Lair:3   | 11091 ||| FLEEEEING.
 11092 | Lair:3   | 11092 ||| FLEEEEING.
 11093 | Lair:3   | 11093 ||| FLEEEEING.
 11094 | Lair:3   | 11094 ||| FLEEEEING.
 11095 | Lair:3   | 11095 ||| FLEEEEING.
 11096 | Lair:3   | 11096 ||| FLEEEEING.
 11097 | Lair:3   | 11097 ||| FLEEEEING.
 11098 | Lair:3   | 11098 ||| FLEEEEING.
 11099 | Lair:3   | 11099 ||| STAIRDANCE
 11139 | Lair:3   | 11139 ||| INVOKING Heroism.
 11167 | Lair:3   | 11167 ||| Stepping ~*~*~tactically~*~*~ (stealth).
 11170 | Lair:3   | 11170 ||| FLEEEEING.
 11171 | Lair:3   | 11171 ||| FLEEEEING.
 11172 | Lair:3   | 11172 ||| FLEEEEING.
 11173 | Lair:3   | 11173 ||| STAIRDANCE
 11175 | Lair:2   | 11175 ||| INVOKING Heroism.
 11191 | Lair:3   | 11191 ||| STAIRDANCE
 11193 | Lair:2   | 11193 ||| Stepping ~*~*~tactically~*~*~ (outnumbered).
 11194 | Lair:2   | 11194 ||| Stepping ~*~*~tactically~*~*~ (outnumbered).
 11195 | Lair:2   | 11195 ||| Stepping ~*~*~tactically~*~*~ (outnumbered).
 11196 | Lair:2   | 11196 ||| Stepping ~*~*~tactically~*~*~ (outnumbered).
 11197 | Lair:2   | 11197 ||| Stepping ~*~*~tactically~*~*~ (outnumbered).
 11199 | Lair:2   | 11199 ||| Stepping ~*~*~tactically~*~*~ (outnumbered).
 11202 | Lair:2   | 11202 ||| Stepping ~*~*~tactically~*~*~ (outnumbered).
 11281 | Lair:3   | 11281 ||| Stepping ~*~*~tactically~*~*~ (hiding).
 11283 | Lair:3   | 11283 ||| Stepping ~*~*~tactically~*~*~ (hiding).
 11302 | Lair:3   | Noticed a four-headed hydra
 11303 | Lair:3   | 11303 ||| INVOKING Heroism.
 11308 | Lair:3   | Killed a five-headed hydra
 11308 | Lair:3   | Reached *** piety under Okawaru
 11347 | Lair:3   | Reached skill level 17 in Unarmed Combat
 11348 | Lair:3   | 11348 ||| FLEEEEING.
 11349 | Lair:3   | 11349 ||| FLEEEEING.
 11410 | Lair:3   | 11410 ||| INVOKING Heroism.
 11426 | Lair:3   | 11426 ||| INVOKING Heroism.
 11567 | Lair:3   | 11567 ||| Stepping ~*~*~tactically~*~*~ (hiding).
 11569 | Lair:3   | Found a staircase to the Snake Pit.
 11575 | Lair:3   | 11575 ||| INVOKING Heroism.
 11581 | Lair:3   | 11581 ||| Stepping ~*~*~tactically~*~*~ (outnumbered).
 11582 | Lair:3   | 11582 ||| Stepping ~*~*~tactically~*~*~ (outnumbered).
 11630 | Lair:3   | 11630 ||| INVOKING Heroism.
 11646 | Lair:3   | Found a staircase to the Swamp.
 11657 | Lair:3   | Identified the +11 chain mail of Sin {Regen+}
 11881 | Lair:3   | 11881 ||| FLEEEEING.
 11882 | Lair:3   | 11882 ||| FLEEEEING.
 11883 | Lair:3   | 11883 ||| FLEEEEING.
 11884 | Lair:3   | 11884 ||| FLEEEEING.
 11886 | Lair:3   | 11886 ||| FLEEEEING.
 11887 | Lair:3   | 11887 ||| FLEEEEING.
 11888 | Lair:3   | 11888 ||| FLEEEEING.
 11889 | Lair:3   | 11889 ||| FLEEEEING.
 11890 | Lair:3   | 11890 ||| FLEEEEING.
 11891 | Lair:3   | 11891 ||| FLEEEEING.
 11892 | Lair:3   | 11892 ||| FLEEEEING.
 11895 | Lair:3   | 11895 ||| FLEEEEING.
 11896 | Lair:3   | 11896 ||| FLEEEEING.
 11897 | Lair:3   | 11897 ||| FLEEEEING.
 11898 | Lair:3   | 11898 ||| FLEEEEING.
 11899 | Lair:3   | 11899 ||| FLEEEEING.
 11900 | Lair:3   | 11900 ||| FLEEEEING.
 11901 | Lair:3   | 11901 ||| FLEEEEING.
 11903 | Lair:3   | 11903 ||| FLEEEEING.
 11904 | Lair:3   | 11904 ||| FLEEEEING.
 11905 | Lair:3   | 11905 ||| FLEEEEING.
 11906 | Lair:3   | 11906 ||| FLEEEEING.
 11907 | Lair:3   | 11907 ||| FLEEEEING.
 11908 | Lair:3   | 11908 ||| FLEEEEING.
 11911 | Lair:3   | 11911 ||| FLEEEEING.
 11912 | Lair:3   | 11912 ||| FLEEEEING.
 11913 | Lair:3   | 11913 ||| FLEEEEING.
 11914 | Lair:3   | 11914 ||| FLEEEEING.
 11915 | Lair:3   | 11915 ||| FLEEEEING.
 11916 | Lair:3   | 11916 ||| FLEEEEING.
 11917 | Lair:3   | 11917 ||| FLEEEEING.
 11918 | Lair:3   | 11918 ||| FLEEEEING.
 11919 | Lair:3   | 11919 ||| FLEEEEING.
 11920 | Lair:3   | 11920 ||| STAIRDANCE
 11924 | Lair:3   | 11924 ||| INVOKING Heroism.
 12012 | Lair:3   | 12012 ||| FLEEEEING.
 12013 | Lair:3   | 12013 ||| FLEEEEING.
 12014 | Lair:3   | 12014 ||| FLEEEEING.
 12015 | Lair:3   | 12015 ||| FLEEEEING.
 12017 | Lair:3   | 12017 ||| FLEEEEING.
 12019 | Lair:3   | 12019 ||| FLEEEEING.
 12020 | Lair:3   | 12020 ||| FLEEEEING.
 12021 | Lair:3   | 12021 ||| FLEEEEING.
 12022 | Lair:3   | 12022 ||| FLEEEEING.
 12023 | Lair:3   | 12023 ||| FLEEEEING.
 12024 | Lair:3   | 12024 ||| FLEEEEING.
 12025 | Lair:3   | 12025 ||| FLEEEEING.
 12026 | Lair:3   | 12026 ||| FLEEEEING.
 12027 | Lair:3   | 12027 ||| FLEEEEING.
 12028 | Lair:3   | 12028 ||| FLEEEEING.
 12029 | Lair:3   | 12029 ||| FLEEEEING.
 12030 | Lair:3   | 12030 ||| FLEEEEING.
 12031 | Lair:3   | 12031 ||| FLEEEEING.
 12032 | Lair:3   | 12032 ||| FLEEEEING.
 12033 | Lair:3   | 12033 ||| FLEEEEING.
 12034 | Lair:3   | 12034 ||| FLEEEEING.
 12035 | Lair:3   | 12035 ||| INVOKING Heroism.
 12065 | Lair:3   | Found a snail-covered altar of Cheibriados.
 12067 | Lair:3   | 12067 ||| INVOKING Heroism.
 12074 | Lair:3   | Reached **** piety under Okawaru
 12090 | Lair:3   | 12090 ||| INVOKING Heroism.
 12336 | Lair:4   | Found a transporter.
 12340 | Lair:4   | Noticed a four-headed hydra
 12350 | Lair:4   | 12350 ||| INVOKING Heroism.
 12351 | Lair:4   | Noticed an eight-headed hydra
 12360 | Lair:4   | Reached skill level 18 in Unarmed Combat
 12360 | Lair:4   | Reached XP level 13. HP: 124/124 MP: 13/15
 12541 | Lair:4   | Noticed qw's ghost (journeyman TrCA)
 12578 | Lair:4   | 12578 ||| INVOKING Heroism.
 12579 | Lair:4   | 12579 ||| Stepping ~*~*~tactically~*~*~ (stealth).
 12581 | Lair:4   | 12581 ||| Stepping ~*~*~tactically~*~*~ (stealth).
 12591 | Lair:4   | 12591 ||| Stepping ~*~*~tactically~*~*~ (stealth).
 12595 | Lair:4   | 12595 ||| INVOKING Heroism.
 12609 | Lair:4   | Received a gift from Okawaru
 12657 | Lair:4   | 12657 ||| INVOKING Heroism.
 12682 | Lair:4   | 12682 ||| Stepping ~*~*~tactically~*~*~ (stealth).
 12683 | Lair:4   | 12683 ||| Stepping ~*~*~tactically~*~*~ (stealth).
 12683 | Lair:4   | Found a staircase to the Slime Pits.
 12683 | Lair:4   | Found a viscous altar of Jiyva.
 12684 | Lair:4   | 12684 ||| Stepping ~*~*~tactically~*~*~ (stealth).
 12686 | Lair:4   | Reached ***** piety under Okawaru
 12692 | Lair:4   | 12692 ||| Stepping ~*~*~tactically~*~*~ (outnumbered).
 12693 | Lair:4   | 12693 ||| Stepping ~*~*~tactically~*~*~ (outnumbered).
 12694 | Lair:4   | 12694 ||| Stepping ~*~*~tactically~*~*~ (outnumbered).
 12752 | Lair:4   | 12752 ||| INVOKING Heroism.
 12755 | Lair:4   | Reached skill level 6 in Invocations
 12762 | Lair:4   | 12762 ||| Stepping ~*~*~tactically~*~*~ (outnumbered).
 12763 | Lair:4   | 12763 ||| Stepping ~*~*~tactically~*~*~ (outnumbered).
 12764 | Lair:4   | 12764 ||| Stepping ~*~*~tactically~*~*~ (outnumbered).
 12766 | Lair:4   | 12766 ||| Stepping ~*~*~tactically~*~*~ (outnumbered).
 12768 | Lair:4   | 12768 ||| Stepping ~*~*~tactically~*~*~ (outnumbered).
 12860 | Lair:4   | 12860 ||| INVOKING Heroism.
 12861 | Lair:4   | 12861 ||| INVOKING Finesse.
 12862 | Lair:4   | 12862 ||| FLEEEEING.
 12863 | Lair:4   | 12863 ||| FLEEEEING.
 12864 | Lair:4   | 12864 ||| FLEEEEING.
 12917 | Lair:4   | 12917 ||| INVOKING Heroism.
 12920 | Lair:4   | 12920 ||| Stepping ~*~*~tactically~*~*~ (outnumbered).
 12922 | Lair:4   | 12922 ||| Stepping ~*~*~tactically~*~*~ (outnumbered).
 12924 | Lair:4   | 12924 ||| Stepping ~*~*~tactically~*~*~ (outnumbered).
 12926 | Lair:4   | 12926 ||| FLEEEEING.
 12928 | Lair:4   | 12928 ||| FLEEEEING.
 12929 | Lair:4   | 12929 ||| FLEEEEING.
 12930 | Lair:4   | 12930 ||| FLEEEEING.
 12988 | Lair:4   | 12988 ||| INVOKING Heroism.
 13185 | Lair:4   | Found a transporter.
 13331 | Lair:4   | 13331 ||| INVOKING Heroism.
 13339 | Lair:4   | 13339 ||| Stepping ~*~*~tactically~*~*~ (outnumbered).
 13340 | Lair:4   | 13340 ||| Stepping ~*~*~tactically~*~*~ (outnumbered).
 13341 | Lair:4   | 13341 ||| Stepping ~*~*~tactically~*~*~ (outnumbered).
 13342 | Lair:4   | 13342 ||| Stepping ~*~*~tactically~*~*~ (outnumbered).
 13452 | Lair:4   | 13452 ||| INVOKING Heroism.
 13454 | Lair:4   | 13454 ||| FLEEEEING.
 13455 | Lair:4   | 13455 ||| FLEEEEING.
 13493 | Lair:4   | 13493 ||| INVOKING Heroism.
 13496 | Lair:4   | 13496 ||| Stepping ~*~*~tactically~*~*~ (outnumbered).
 13498 | Lair:4   | 13498 ||| Stepping ~*~*~tactically~*~*~ (outnumbered).
 13500 | Lair:4   | 13500 ||| Stepping ~*~*~tactically~*~*~ (outnumbered).
 13502 | Lair:4   | 13502 ||| FLEEEEING.
 13503 | Lair:4   | 13503 ||| FLEEEEING.
 13504 | Lair:4   | 13504 ||| FLEEEEING.
 13656 | Lair:4   | 13656 ||| INVOKING Heroism.
 13659 | Lair:4   | 13659 ||| Stepping ~*~*~tactically~*~*~ (outnumbered).
 13660 | Lair:4   | 13660 ||| FLEEEEING.
 13661 | Lair:4   | 13661 ||| FLEEEEING.
 13781 | Lair:4   | 13781 ||| FLEEEEING.
 13802 | Lair:4   | 13802 ||| INVOKING Heroism.
 13805 | Lair:4   | 13805 ||| Stepping ~*~*~tactically~*~*~ (outnumbered).
 13807 | Lair:4   | 13807 ||| FLEEEEING.
 13808 | Lair:4   | 13808 ||| FLEEEEING.
 13808 | Lair:4   | HP: 19/127 [oklob plant/splash of acid (28)]
 13809 | Lair:4   | 13809 ||| FLEEEEING.
 13876 | Lair:4   | 13876 ||| INVOKING Heroism.
 13879 | Lair:4   | 13879 ||| Stepping ~*~*~tactically~*~*~ (outnumbered).
 13881 | Lair:4   | 13881 ||| FLEEEEING.
 13882 | Lair:4   | 13882 ||| FLEEEEING.
 13883 | Lair:4   | 13883 ||| FLEEEEING.
 14006 | Lair:4   | 14006 ||| INVOKING Heroism.
 14009 | Lair:4   | 14009 ||| Stepping ~*~*~tactically~*~*~ (outnumbered).
 14011 | Lair:4   | 14011 ||| Stepping ~*~*~tactically~*~*~ (outnumbered).
 14012 | Lair:4   | 14012 ||| FLEEEEING.
 14013 | Lair:4   | 14013 ||| FLEEEEING.
 14164 | Lair:4   | 14164 ||| INVOKING Heroism.
 14167 | Lair:4   | 14167 ||| Stepping ~*~*~tactically~*~*~ (outnumbered).
 14169 | Lair:4   | 14169 ||| Stepping ~*~*~tactically~*~*~ (outnumbered).
 14171 | Lair:4   | 14171 ||| Stepping ~*~*~tactically~*~*~ (outnumbered).
 14173 | Lair:4   | 14173 ||| Stepping ~*~*~tactically~*~*~ (outnumbered).
 14174 | Lair:4   | 14174 ||| FLEEEEING.
 14175 | Lair:4   | 14175 ||| FLEEEEING.
 14226 | Lair:4   | 14226 ||| INVOKING Heroism.
 14229 | Lair:4   | 14229 ||| Stepping ~*~*~tactically~*~*~ (outnumbered).
 14231 | Lair:4   | 14231 ||| FLEEEEING.
 14232 | Lair:4   | 14232 ||| FLEEEEING.
 14233 | Lair:4   | 14233 ||| FLEEEEING.
 14286 | Lair:4   | 14286 ||| INVOKING Heroism.
 14289 | Lair:4   | 14289 ||| Stepping ~*~*~tactically~*~*~ (outnumbered).
 14291 | Lair:4   | 14291 ||| Stepping ~*~*~tactically~*~*~ (outnumbered).
 14293 | Lair:4   | 14293 ||| Stepping ~*~*~tactically~*~*~ (outnumbered).
 14295 | Lair:4   | 14295 ||| Stepping ~*~*~tactically~*~*~ (outnumbered).
 14297 | Lair:4   | 14297 ||| Stepping ~*~*~tactically~*~*~ (outnumbered).
 14299 | Lair:4   | 14299 ||| FLEEEEING.
 14300 | Lair:4   | 14300 ||| FLEEEEING.
 14300 | Lair:4   | HP: 31/127 [oklob plant/splash of acid (18)]
 14301 | Lair:4   | 14301 ||| FLEEEEING.
 14361 | Lair:4   | 14361 ||| INVOKING Heroism.
 14364 | Lair:4   | 14364 ||| Stepping ~*~*~tactically~*~*~ (outnumbered).
 14365 | Lair:4   | HP: 31/127 [oklob plant/splash of acid (20)]
 14366 | Lair:4   | 14366 ||| FLEEEEING.
 14367 | Lair:4   | 14367 ||| FLEEEEING.
 14367 | Lair:4   | HP: 6/127 [oklob plant/splash of acid (15)]
 14368 | Lair:4   | 14368 ||| FLEEEEING.
 14441 | Lair:4   | 14441 ||| INVOKING Heroism.
 14444 | Lair:4   | 14444 ||| Stepping ~*~*~tactically~*~*~ (outnumbered).
 14446 | Lair:4   | 14446 ||| Stepping ~*~*~tactically~*~*~ (outnumbered).
 14448 | Lair:4   | 14448 ||| FLEEEEING.
 14449 | Lair:4   | 14449 ||| FLEEEEING.
 14450 | Lair:4   | 14450 ||| FLEEEEING.
 14579 | Lair:4   | 14579 ||| INVOKING Heroism.
 14582 | Lair:4   | 14582 ||| Stepping ~*~*~tactically~*~*~ (outnumbered).
 14584 | Lair:4   | 14584 ||| Stepping ~*~*~tactically~*~*~ (outnumbered).
 14586 | Lair:4   | 14586 ||| FLEEEEING.
 14587 | Lair:4   | 14587 ||| FLEEEEING.
 14588 | Lair:4   | 14588 ||| FLEEEEING.
 14716 | Lair:4   | 14716 ||| FLEEEEING.
 14724 | Lair:4   | 14724 ||| INVOKING Heroism.
 14727 | Lair:4   | 14727 ||| Stepping ~*~*~tactically~*~*~ (outnumbered).
 14729 | Lair:4   | 14729 ||| Stepping ~*~*~tactically~*~*~ (outnumbered).
 14731 | Lair:4   | 14731 ||| Stepping ~*~*~tactically~*~*~ (outnumbered).
 14733 | Lair:4   | 14733 ||| Stepping ~*~*~tactically~*~*~ (outnumbered).
 14735 | Lair:4   | 14735 ||| FLEEEEING.
 14736 | Lair:4   | 14736 ||| FLEEEEING.
 14737 | Lair:4   | 14737 ||| FLEEEEING.
 14875 | Lair:4   | 14875 ||| INVOKING Heroism.
 14878 | Lair:4   | 14878 ||| Stepping ~*~*~tactically~*~*~ (outnumbered).
 14880 | Lair:4   | 14880 ||| Stepping ~*~*~tactically~*~*~ (outnumbered).
 14882 | Lair:4   | 14882 ||| Stepping ~*~*~tactically~*~*~ (outnumbered).
 14884 | Lair:4   | 14884 ||| Stepping ~*~*~tactically~*~*~ (outnumbered).
 14886 | Lair:4   | 14886 ||| Stepping ~*~*~tactically~*~*~ (outnumbered).
 14888 | Lair:4   | 14888 ||| FLEEEEING.
 14889 | Lair:4   | 14889 ||| FLEEEEING.
 14890 | Lair:4   | 14890 ||| FLEEEEING.
 15028 | Lair:4   | 15028 ||| INVOKING Heroism.
 15031 | Lair:4   | 15031 ||| Stepping ~*~*~tactically~*~*~ (outnumbered).
 15033 | Lair:4   | 15033 ||| Stepping ~*~*~tactically~*~*~ (outnumbered).
 15035 | Lair:4   | 15035 ||| Stepping ~*~*~tactically~*~*~ (outnumbered).
 15037 | Lair:4   | 15037 ||| FLEEEEING.
 15038 | Lair:4   | 15038 ||| FLEEEEING.
 15039 | Lair:4   | 15039 ||| FLEEEEING.
 15170 | Lair:4   | 15170 ||| INVOKING Heroism.
 15173 | Lair:4   | 15173 ||| Stepping ~*~*~tactically~*~*~ (outnumbered).
 15175 | Lair:4   | 15175 ||| FLEEEEING.
 15176 | Lair:4   | 15176 ||| FLEEEEING.
 15177 | Lair:4   | 15177 ||| FLEEEEING.
 15234 | Lair:4   | 15234 ||| INVOKING Heroism.
 15237 | Lair:4   | 15237 ||| Stepping ~*~*~tactically~*~*~ (outnumbered).
 15239 | Lair:4   | 15239 ||| Stepping ~*~*~tactically~*~*~ (outnumbered).
 15241 | Lair:4   | 15241 ||| Stepping ~*~*~tactically~*~*~ (outnumbered).
 15242 | Lair:4   | 15242 ||| FLEEEEING.
 15243 | Lair:4   | 15243 ||| FLEEEEING.
 15295 | Lair:4   | 15295 ||| INVOKING Heroism.
 15298 | Lair:4   | 15298 ||| Stepping ~*~*~tactically~*~*~ (outnumbered).
 15300 | Lair:4   | 15300 ||| Stepping ~*~*~tactically~*~*~ (outnumbered).
 15302 | Lair:4   | 15302 ||| Stepping ~*~*~tactically~*~*~ (outnumbered).
 15304 | Lair:4   | 15304 ||| Stepping ~*~*~tactically~*~*~ (outnumbered).
 15306 | Lair:4   | 15306 ||| FLEEEEING.
 15307 | Lair:4   | 15307 ||| FLEEEEING.
 15308 | Lair:4   | 15308 ||| FLEEEEING.
 15355 | Lair:4   | 15355 ||| INVOKING Heroism.
 15358 | Lair:4   | 15358 ||| Stepping ~*~*~tactically~*~*~ (outnumbered).
 15360 | Lair:4   | 15360 ||| Stepping ~*~*~tactically~*~*~ (outnumbered).
 15362 | Lair:4   | 15362 ||| FLEEEEING.
 15363 | Lair:4   | 15363 ||| FLEEEEING.
 15364 | Lair:4   | 15364 ||| FLEEEEING.
 15421 | Lair:4   | 15421 ||| INVOKING Heroism.
 15424 | Lair:4   | 15424 ||| Stepping ~*~*~tactically~*~*~ (outnumbered).
 15426 | Lair:4   | 15426 ||| Stepping ~*~*~tactically~*~*~ (outnumbered).
 15428 | Lair:4   | 15428 ||| Stepping ~*~*~tactically~*~*~ (outnumbered).
 15430 | Lair:4   | 15430 ||| Stepping ~*~*~tactically~*~*~ (outnumbered).
 15431 | Lair:4   | HP: 27/127 [oklob plant/splash of acid (16)]
 15432 | Lair:4   | 15432 ||| FLEEEEING.
 15433 | Lair:4   | 15433 ||| FLEEEEING.
 15434 | Lair:4   | 15434 ||| FLEEEEING.
 15495 | Lair:4   | 15495 ||| FLEEEEING.
 15618 | Lair:4   | 15618 ||| INVOKING Heroism.
 15621 | Lair:4   | 15621 ||| Stepping ~*~*~tactically~*~*~ (outnumbered).
 15623 | Lair:4   | 15623 ||| Stepping ~*~*~tactically~*~*~ (outnumbered).
 15625 | Lair:4   | 15625 ||| FLEEEEING.
 15626 | Lair:4   | 15626 ||| FLEEEEING.
 15627 | Lair:4   | 15627 ||| FLEEEEING.
 15683 | Lair:4   | 15683 ||| INVOKING Heroism.
 15686 | Lair:4   | 15686 ||| Stepping ~*~*~tactically~*~*~ (outnumbered).
 15688 | Lair:4   | 15688 ||| Stepping ~*~*~tactically~*~*~ (outnumbered).
 15690 | Lair:4   | 15690 ||| Stepping ~*~*~tactically~*~*~ (outnumbered).
 15692 | Lair:4   | 15692 ||| Stepping ~*~*~tactically~*~*~ (outnumbered).
 15694 | Lair:4   | 15694 ||| FLEEEEING.
 15695 | Lair:4   | 15695 ||| FLEEEEING.
 15696 | Lair:4   | 15696 ||| FLEEEEING.
 15835 | Lair:4   | 15835 ||| INVOKING Heroism.
 15838 | Lair:4   | 15838 ||| Stepping ~*~*~tactically~*~*~ (outnumbered).
 15840 | Lair:4   | 15840 ||| Stepping ~*~*~tactically~*~*~ (outnumbered).
 15842 | Lair:4   | 15842 ||| Stepping ~*~*~tactically~*~*~ (outnumbered).
 15844 | Lair:4   | 15844 ||| FLEEEEING.
 15845 | Lair:4   | 15845 ||| FLEEEEING.
 15846 | Lair:4   | 15846 ||| FLEEEEING.
 15881 | Lair:4   | 15881 ||| INVOKING Heroism.
 15884 | Lair:4   | 15884 ||| Stepping ~*~*~tactically~*~*~ (outnumbered).
 15886 | Lair:4   | 15886 ||| Stepping ~*~*~tactically~*~*~ (outnumbered).
 15888 | Lair:4   | 15888 ||| Stepping ~*~*~tactically~*~*~ (outnumbered).
 15889 | Lair:4   | 15889 ||| FLEEEEING.
 15890 | Lair:4   | 15890 ||| FLEEEEING.
 15943 | Lair:4   | 15943 ||| FLEEEEING.
 16065 | Lair:4   | 16065 ||| INVOKING Heroism.
 16068 | Lair:4   | 16068 ||| Stepping ~*~*~tactically~*~*~ (outnumbered).
 16070 | Lair:4   | 16070 ||| Stepping ~*~*~tactically~*~*~ (outnumbered).
 16072 | Lair:4   | 16072 ||| Stepping ~*~*~tactically~*~*~ (outnumbered).
 16074 | Lair:4   | 16074 ||| Stepping ~*~*~tactically~*~*~ (outnumbered).
 16076 | Lair:4   | 16076 ||| Stepping ~*~*~tactically~*~*~ (outnumbered).
 16078 | Lair:4   | 16078 ||| Stepping ~*~*~tactically~*~*~ (outnumbered).
 16080 | Lair:4   | 16080 ||| Stepping ~*~*~tactically~*~*~ (outnumbered).
 16082 | Lair:4   | 16082 ||| FLEEEEING.
 16083 | Lair:4   | 16083 ||| FLEEEEING.
 16084 | Lair:4   | 16084 ||| FLEEEEING.
 16140 | Lair:4   | 16140 ||| INVOKING Heroism.
 16143 | Lair:4   | 16143 ||| Stepping ~*~*~tactically~*~*~ (outnumbered).
 16145 | Lair:4   | 16145 ||| Stepping ~*~*~tactically~*~*~ (outnumbered).
 16147 | Lair:4   | 16147 ||| Stepping ~*~*~tactically~*~*~ (outnumbered).
 16148 | Lair:4   | 16148 ||| FLEEEEING.
 16149 | Lair:4   | 16149 ||| FLEEEEING.
 16177 | Lair:4   | 16177 ||| FLEEEEING.
 16202 | Lair:4   | 16202 ||| INVOKING Heroism.
 16205 | Lair:4   | 16205 ||| Stepping ~*~*~tactically~*~*~ (outnumbered).
 16207 | Lair:4   | 16207 ||| FLEEEEING.
 16208 | Lair:4   | 16208 ||| FLEEEEING.
 16209 | Lair:4   | 16209 ||| FLEEEEING.
 16341 | Lair:4   | 16341 ||| FLEEEEING.
 16357 | Lair:4   | 16357 ||| INVOKING Heroism.
 16360 | Lair:4   | 16360 ||| FLEEEEING.
 16361 | Lair:4   | 16361 ||| FLEEEEING.
 16362 | Lair:4   | 16362 ||| FLEEEEING.
 16486 | Lair:4   | 16486 ||| INVOKING Heroism.
 16488 | Lair:4   | 16488 ||| FLEEEEING.
 16489 | Lair:4   | 16489 ||| FLEEEEING.
 16619 | Lair:4   | 16619 ||| INVOKING Heroism.
 16622 | Lair:4   | 16622 ||| Stepping ~*~*~tactically~*~*~ (outnumbered).
 16624 | Lair:4   | 16624 ||| Stepping ~*~*~tactically~*~*~ (outnumbered).
 16626 | Lair:4   | 16626 ||| Stepping ~*~*~tactically~*~*~ (outnumbered).
 16628 | Lair:4   | 16628 ||| FLEEEEING.
 16629 | Lair:4   | 16629 ||| FLEEEEING.
 16629 | Lair:4   | HP: 27/127 [oklob plant/splash of acid (26)]
 16630 | Lair:4   | 16630 ||| FLEEEEING.
 16693 | Lair:4   | 16693 ||| FLEEEEING.
 16707 | Lair:4   | 16707 ||| INVOKING Heroism.
 16710 | Lair:4   | 16710 ||| Stepping ~*~*~tactically~*~*~ (outnumbered).
 16712 | Lair:4   | 16712 ||| Stepping ~*~*~tactically~*~*~ (outnumbered).
 16714 | Lair:4   | 16714 ||| Stepping ~*~*~tactically~*~*~ (outnumbered).
 16716 | Lair:4   | 16716 ||| Stepping ~*~*~tactically~*~*~ (outnumbered).
 16718 | Lair:4   | 16718 ||| FLEEEEING.
 16719 | Lair:4   | 16719 ||| FLEEEEING.
 16720 | Lair:4   | 16720 ||| FLEEEEING.
 16858 | Lair:4   | 16858 ||| INVOKING Heroism.
 16861 | Lair:4   | 16861 ||| Stepping ~*~*~tactically~*~*~ (outnumbered).
 16863 | Lair:4   | 16863 ||| Stepping ~*~*~tactically~*~*~ (outnumbered).
 16865 | Lair:4   | 16865 ||| Stepping ~*~*~tactically~*~*~ (outnumbered).
 16867 | Lair:4   | 16867 ||| FLEEEEING.
 16868 | Lair:4   | 16868 ||| FLEEEEING.
 16868 | Lair:4   | HP: 31/127 [oklob plant/splash of acid (20)]
 16869 | Lair:4   | 16869 ||| FLEEEEING.
 16929 | Lair:4   | 16929 ||| INVOKING Heroism.
 16932 | Lair:4   | 16932 ||| Stepping ~*~*~tactically~*~*~ (outnumbered).
 16934 | Lair:4   | 16934 ||| FLEEEEING.
 16935 | Lair:4   | 16935 ||| FLEEEEING.
 16936 | Lair:4   | 16936 ||| FLEEEEING.
 17085 | Lair:4   | 17085 ||| FLEEEEING.
 17207 | Lair:4   | 17207 ||| INVOKING Heroism.
 17210 | Lair:4   | 17210 ||| Stepping ~*~*~tactically~*~*~ (outnumbered).
 17212 | Lair:4   | 17212 ||| Stepping ~*~*~tactically~*~*~ (outnumbered).
 17214 | Lair:4   | 17214 ||| Stepping ~*~*~tactically~*~*~ (outnumbered).
 17216 | Lair:4   | 17216 ||| Stepping ~*~*~tactically~*~*~ (outnumbered).
 17218 | Lair:4   | 17218 ||| FLEEEEING.
 17219 | Lair:4   | 17219 ||| FLEEEEING.
 17220 | Lair:4   | 17220 ||| FLEEEEING.
 17279 | Lair:4   | 17279 ||| INVOKING Heroism.
 17282 | Lair:4   | 17282 ||| Stepping ~*~*~tactically~*~*~ (outnumbered).
 17284 | Lair:4   | 17284 ||| Stepping ~*~*~tactically~*~*~ (outnumbered).
 17286 | Lair:4   | 17286 ||| Stepping ~*~*~tactically~*~*~ (outnumbered).
 17288 | Lair:4   | 17288 ||| FLEEEEING.
 17289 | Lair:4   | 17289 ||| FLEEEEING.
 17292 | Lair:4   | 17292 ||| Stepping ~*~*~tactically~*~*~ (outnumbered).
 17294 | Lair:4   | 17294 ||| Stepping ~*~*~tactically~*~*~ (outnumbered).
 17296 | Lair:4   | 17296 ||| FLEEEEING.
 17297 | Lair:4   | 17297 ||| FLEEEEING.
 17297 | Lair:4   | HP: 6/127 [oklob plant/splash of acid (34)]
 17298 | Lair:4   | 17298 ||| FLEEEEING.
 17372 | Lair:4   | 17372 ||| FLEEEEING.
 17398 | Lair:4   | 17398 ||| INVOKING Heroism.
 17401 | Lair:4   | 17401 ||| Stepping ~*~*~tactically~*~*~ (outnumbered).
 17403 | Lair:4   | 17403 ||| Stepping ~*~*~tactically~*~*~ (outnumbered).
 17405 | Lair:4   | 17405 ||| Stepping ~*~*~tactically~*~*~ (outnumbered).
 17407 | Lair:4   | 17407 ||| FLEEEEING.
 17408 | Lair:4   | 17408 ||| FLEEEEING.
 17409 | Lair:4   | 17409 ||| FLEEEEING.
 17543 | Lair:4   | 17543 ||| INVOKING Heroism.
 17546 | Lair:4   | 17546 ||| Stepping ~*~*~tactically~*~*~ (outnumbered).
 17548 | Lair:4   | 17548 ||| Stepping ~*~*~tactically~*~*~ (outnumbered).
 17549 | Lair:4   | 17549 ||| FLEEEEING.
 17550 | Lair:4   | 17550 ||| FLEEEEING.
 17696 | Lair:4   | 17696 ||| INVOKING Heroism.
 17699 | Lair:4   | 17699 ||| Stepping ~*~*~tactically~*~*~ (outnumbered).
 17701 | Lair:4   | 17701 ||| Stepping ~*~*~tactically~*~*~ (outnumbered).
 17703 | Lair:4   | 17703 ||| Stepping ~*~*~tactically~*~*~ (outnumbered).
 17705 | Lair:4   | 17705 ||| FLEEEEING.
 17706 | Lair:4   | 17706 ||| FLEEEEING.
 17707 | Lair:4   | 17707 ||| FLEEEEING.
 17745 | Lair:4   | 17745 ||| INVOKING Heroism.
 17748 | Lair:4   | 17748 ||| Stepping ~*~*~tactically~*~*~ (outnumbered).
 17750 | Lair:4   | 17750 ||| Stepping ~*~*~tactically~*~*~ (outnumbered).
 17752 | Lair:4   | 17752 ||| Stepping ~*~*~tactically~*~*~ (outnumbered).
 17754 | Lair:4   | 17754 ||| Stepping ~*~*~tactically~*~*~ (outnumbered).
 17756 | Lair:4   | 17756 ||| FLEEEEING.
 17757 | Lair:4   | 17757 ||| FLEEEEING.
 17758 | Lair:4   | 17758 ||| FLEEEEING.
 17810 | Lair:4   | 17810 ||| INVOKING Heroism.
 17813 | Lair:4   | 17813 ||| Stepping ~*~*~tactically~*~*~ (outnumbered).
 17815 | Lair:4   | 17815 ||| Stepping ~*~*~tactically~*~*~ (outnumbered).
 17817 | Lair:4   | 17817 ||| Stepping ~*~*~tactically~*~*~ (outnumbered).
 17819 | Lair:4   | 17819 ||| Stepping ~*~*~tactically~*~*~ (outnumbered).
 17821 | Lair:4   | 17821 ||| Stepping ~*~*~tactically~*~*~ (outnumbered).
 17823 | Lair:4   | 17823 ||| FLEEEEING.
 17824 | Lair:4   | 17824 ||| FLEEEEING.
 17825 | Lair:4   | 17825 ||| FLEEEEING.
 17884 | Lair:4   | 17884 ||| INVOKING Heroism.
 17887 | Lair:4   | 17887 ||| Stepping ~*~*~tactically~*~*~ (outnumbered).
 17889 | Lair:4   | 17889 ||| Stepping ~*~*~tactically~*~*~ (outnumbered).
 17891 | Lair:4   | 17891 ||| Stepping ~*~*~tactically~*~*~ (outnumbered).
 17893 | Lair:4   | 17893 ||| FLEEEEING.
 17894 | Lair:4   | 17894 ||| FLEEEEING.
 17895 | Lair:4   | 17895 ||| FLEEEEING.
 17935 | Lair:4   | 17935 ||| INVOKING Heroism.
 17938 | Lair:4   | 17938 ||| Stepping ~*~*~tactically~*~*~ (outnumbered).
 17940 | Lair:4   | 17940 ||| Stepping ~*~*~tactically~*~*~ (outnumbered).
 17942 | Lair:4   | 17942 ||| Stepping ~*~*~tactically~*~*~ (outnumbered).
 17944 | Lair:4   | 17944 ||| Stepping ~*~*~tactically~*~*~ (outnumbered).
 17946 | Lair:4   | 17946 ||| FLEEEEING.
 17947 | Lair:4   | 17947 ||| FLEEEEING.
 17948 | Lair:4   | 17948 ||| FLEEEEING.
 17997 | Lair:4   | 17997 ||| INVOKING Heroism.
 18000 | Lair:4   | 18000 ||| Stepping ~*~*~tactically~*~*~ (outnumbered).
 18002 | Lair:4   | 18002 ||| Stepping ~*~*~tactically~*~*~ (outnumbered).
 18004 | Lair:4   | 18004 ||| Stepping ~*~*~tactically~*~*~ (outnumbered).
 18006 | Lair:4   | 18006 ||| Stepping ~*~*~tactically~*~*~ (outnumbered).
 18008 | Lair:4   | 18008 ||| Stepping ~*~*~tactically~*~*~ (outnumbered).
 18010 | Lair:4   | 18010 ||| Stepping ~*~*~tactically~*~*~ (outnumbered).
 18011 | Lair:4   | 18011 ||| FLEEEEING.
 18012 | Lair:4   | 18012 ||| FLEEEEING.
 18049 | Lair:4   | 18049 ||| INVOKING Heroism.
 18052 | Lair:4   | 18052 ||| Stepping ~*~*~tactically~*~*~ (outnumbered).
 18054 | Lair:4   | 18054 ||| Stepping ~*~*~tactically~*~*~ (outnumbered).
 18056 | Lair:4   | 18056 ||| Stepping ~*~*~tactically~*~*~ (outnumbered).
 18058 | Lair:4   | 18058 ||| FLEEEEING.
 18059 | Lair:4   | 18059 ||| FLEEEEING.
 18060 | Lair:4   | 18060 ||| FLEEEEING.
 18095 | Lair:4   | 18095 ||| INVOKING Heroism.
 18098 | Lair:4   | 18098 ||| FLEEEEING.
 18099 | Lair:4   | 18099 ||| FLEEEEING.
 18100 | Lair:4   | 18100 ||| FLEEEEING.
 18221 | Lair:4   | 18221 ||| INVOKING Heroism.
 18224 | Lair:4   | 18224 ||| FLEEEEING.
 18225 | Lair:4   | 18225 ||| FLEEEEING.
 18226 | Lair:4   | 18226 ||| FLEEEEING.
 18358 | Lair:4   | 18358 ||| INVOKING Heroism.
 18361 | Lair:4   | 18361 ||| Stepping ~*~*~tactically~*~*~ (outnumbered).
 18363 | Lair:4   | 18363 ||| FLEEEEING.
 18364 | Lair:4   | 18364 ||| FLEEEEING.
 18365 | Lair:4   | 18365 ||| FLEEEEING.
 18523 | Lair:4   | 18523 ||| INVOKING Heroism.
 18526 | Lair:4   | 18526 ||| Stepping ~*~*~tactically~*~*~ (outnumbered).
 18528 | Lair:4   | 18528 ||| Stepping ~*~*~tactically~*~*~ (outnumbered).
 18530 | Lair:4   | 18530 ||| Stepping ~*~*~tactically~*~*~ (outnumbered).
 18532 | Lair:4   | 18532 ||| Stepping ~*~*~tactically~*~*~ (outnumbered).
 18534 | Lair:4   | 18534 ||| Stepping ~*~*~tactically~*~*~ (outnumbered).
 18536 | Lair:4   | 18536 ||| Stepping ~*~*~tactically~*~*~ (outnumbered).
 18538 | Lair:4   | 18538 ||| Stepping ~*~*~tactically~*~*~ (outnumbered).
 18539 | Lair:4   | 18539 ||| FLEEEEING.
 18540 | Lair:4   | 18540 ||| FLEEEEING.
 18669 | Lair:4   | 18669 ||| FLEEEEING.
 18670 | Lair:4   | 18670 ||| FLEEEEING.
 18671 | Lair:4   | 18671 ||| FLEEEEING.
 18700 | Lair:4   | 18700 ||| FLEEEEING.
 18701 | Lair:4   | 18701 ||| FLEEEEING.
 18702 | Lair:4   | 18702 ||| FLEEEEING.
 18724 | Lair:4   | 18724 ||| Stepping ~*~*~tactically~*~*~ (outnumbered).
 18726 | Lair:4   | 18726 ||| Stepping ~*~*~tactically~*~*~ (outnumbered).
 18728 | Lair:4   | 18728 ||| Stepping ~*~*~tactically~*~*~ (outnumbered).
 18730 | Lair:4   | 18730 ||| FLEEEEING.
 18731 | Lair:4   | 18731 ||| FLEEEEING.
 18732 | Lair:4   | 18732 ||| FLEEEEING.
 18762 | Lair:4   | 18762 ||| FLEEEEING.
 18890 | Lair:4   | 18890 ||| FLEEEEING.
 18891 | Lair:4   | 18891 ||| FLEEEEING.
 18892 | Lair:4   | 18892 ||| FLEEEEING.
 18926 | Lair:4   | 18926 ||| FLEEEEING.
 18927 | Lair:4   | 18927 ||| FLEEEEING.
 18928 | Lair:4   | 18928 ||| FLEEEEING.
 18950 | Lair:4   | 18950 ||| FLEEEEING.
 18951 | Lair:4   | 18951 ||| FLEEEEING.
 18952 | Lair:4   | 18952 ||| FLEEEEING.
 19073 | Lair:4   | 19073 ||| FLEEEEING.
 19074 | Lair:4   | 19074 ||| FLEEEEING.
 19194 | Lair:4   | 19194 ||| FLEEEEING.
 19314 | Lair:4   | 19314 ||| FLEEEEING.
 19342 | Lair:4   | 19342 ||| Stepping ~*~*~tactically~*~*~ (outnumbered).
 19344 | Lair:4   | 19344 ||| FLEEEEING.
 19345 | Lair:4   | 19345 ||| FLEEEEING.
 19346 | Lair:4   | 19346 ||| FLEEEEING.
 19468 | Lair:4   | 19468 ||| Stepping ~*~*~tactically~*~*~ (outnumbered).
 19470 | Lair:4   | 19470 ||| Stepping ~*~*~tactically~*~*~ (outnumbered).
 19472 | Lair:4   | 19472 ||| Stepping ~*~*~tactically~*~*~ (outnumbered).
 19474 | Lair:4   | 19474 ||| FLEEEEING.
 19475 | Lair:4   | 19475 ||| FLEEEEING.
 19476 | Lair:4   | 19476 ||| FLEEEEING.
 19598 | Lair:4   | 19598 ||| FLEEEEING.
 19599 | Lair:4   | 19599 ||| FLEEEEING.
 19600 | Lair:4   | 19600 ||| FLEEEEING.
 19612 | Lair:4   | 19612 ||| Stepping ~*~*~tactically~*~*~ (outnumbered).
 19614 | Lair:4   | 19614 ||| FLEEEEING.
 19615 | Lair:4   | 19615 ||| FLEEEEING.
 19616 | Lair:4   | 19616 ||| FLEEEEING.
 19750 | Lair:4   | 19750 ||| FLEEEEING.
 19751 | Lair:4   | 19751 ||| FLEEEEING.
 19752 | Lair:4   | 19752 ||| FLEEEEING.
 19780 | Lair:4   | 19780 ||| FLEEEEING.
 19781 | Lair:4   | 19781 ||| FLEEEEING.
 19782 | Lair:4   | 19782 ||| FLEEEEING.
 19808 | Lair:4   | 19808 ||| FLEEEEING.
 19809 | Lair:4   | 19809 ||| FLEEEEING.
 19931 | Lair:4   | 19931 ||| FLEEEEING.
 19932 | Lair:4   | 19932 ||| FLEEEEING.
 19933 | Lair:4   | 19933 ||| FLEEEEING.
 19970 | Lair:4   | 19970 ||| FLEEEEING.
 20090 | Lair:4   | 20090 ||| FLEEEEING.
 20210 | Lair:4   | 20210 ||| FLEEEEING.
 20222 | Lair:4   | 20222 ||| FLEEEEING.
 20342 | Lair:4   | 20342 ||| FLEEEEING.
 20466 | Lair:4   | 20466 ||| FLEEEEING.
 20467 | Lair:4   | 20467 ||| FLEEEEING.
 20503 | Lair:4   | 20503 ||| FLEEEEING.
 20504 | Lair:4   | 20504 ||| FLEEEEING.
 20505 | Lair:4   | 20505 ||| FLEEEEING.
 20523 | Lair:4   | 20523 ||| Stepping ~*~*~tactically~*~*~ (outnumbered).
 20525 | Lair:4   | 20525 ||| Stepping ~*~*~tactically~*~*~ (outnumbered).
 20527 | Lair:4   | 20527 ||| FLEEEEING.
 20528 | Lair:4   | 20528 ||| FLEEEEING.
 20529 | Lair:4   | 20529 ||| FLEEEEING.
 20570 | Lair:4   | 20570 ||| FLEEEEING.
 20580 | Lair:4   | 20580 ||| Stepping ~*~*~tactically~*~*~ (outnumbered).
 20582 | Lair:4   | 20582 ||| FLEEEEING.
 20583 | Lair:4   | 20583 ||| FLEEEEING.
 20584 | Lair:4   | 20584 ||| FLEEEEING.
 20616 | Lair:4   | 20616 ||| FLEEEEING.
 20617 | Lair:4   | 20617 ||| FLEEEEING.
 20618 | Lair:4   | 20618 ||| FLEEEEING.
 20740 | Lair:4   | 20740 ||| FLEEEEING.
 20741 | Lair:4   | 20741 ||| FLEEEEING.
 20742 | Lair:4   | 20742 ||| FLEEEEING.
 20765 | Lair:4   | 20765 ||| FLEEEEING.
 20768 | Lair:4   | 20768 ||| FLEEEEING.
 20769 | Lair:4   | 20769 ||| FLEEEEING.
 20770 | Lair:4   | 20770 ||| FLEEEEING.
 20810 | Lair:4   | 20810 ||| FLEEEEING.
 20811 | Lair:4   | 20811 ||| FLEEEEING.
 20851 | Lair:4   | 20851 ||| FLEEEEING.
 20852 | Lair:4   | 20852 ||| FLEEEEING.
 20887 | Lair:4   | 20887 ||| FLEEEEING.
 20888 | Lair:4   | 20888 ||| FLEEEEING.
 20889 | Lair:4   | 20889 ||| FLEEEEING.
 20938 | Lair:4   | 20938 ||| FLEEEEING.
 20959 | Lair:4   | 20959 ||| FLEEEEING.
 20960 | Lair:4   | 20960 ||| FLEEEEING.
 21082 | Lair:4   | 21082 ||| FLEEEEING.
 21083 | Lair:4   | 21083 ||| FLEEEEING.
 21084 | Lair:4   | 21084 ||| FLEEEEING.
 21115 | Lair:4   | 21115 ||| Stepping ~*~*~tactically~*~*~ (outnumbered).
 21116 | Lair:4   | 21116 ||| FLEEEEING.
 21117 | Lair:4   | 21117 ||| FLEEEEING.
 21157 | Lair:4   | 21157 ||| FLEEEEING.
 21158 | Lair:4   | 21158 ||| FLEEEEING.
 21159 | Lair:4   | 21159 ||| FLEEEEING.
 21187 | Lair:4   | 21187 ||| FLEEEEING.
 21188 | Lair:4   | 21188 ||| FLEEEEING.
 21189 | Lair:4   | 21189 ||| FLEEEEING.
 21210 | Lair:4   | 21210 ||| FLEEEEING.
 21211 | Lair:4   | 21211 ||| FLEEEEING.
 21212 | Lair:4   | 21212 ||| FLEEEEING.
 21346 | Lair:4   | 21346 ||| FLEEEEING.
 21356 | Lair:4   | 21356 ||| FLEEEEING.
 21481 | Lair:4   | 21481 ||| FLEEEEING.
 21482 | Lair:4   | 21482 ||| FLEEEEING.
 21483 | Lair:4   | 21483 ||| FLEEEEING.
 21617 | Lair:4   | 21617 ||| FLEEEEING.
 21618 | Lair:4   | 21618 ||| FLEEEEING.
 21619 | Lair:4   | 21619 ||| FLEEEEING.
 21652 | Lair:4   | 21652 ||| FLEEEEING.
 21653 | Lair:4   | 21653 ||| FLEEEEING.
 21654 | Lair:4   | 21654 ||| FLEEEEING.
 21681 | Lair:4   | 21681 ||| FLEEEEING.
 21682 | Lair:4   | 21682 ||| FLEEEEING.
 21705 | Lair:4   | 21705 ||| FLEEEEING.
 21708 | Lair:4   | 21708 ||| FLEEEEING.
 21709 | Lair:4   | 21709 ||| FLEEEEING.
 21710 | Lair:4   | 21710 ||| FLEEEEING.
 21844 | Lair:4   | 21844 ||| FLEEEEING.
 21965 | Lair:4   | 21965 ||| FLEEEEING.
 21966 | Lair:4   | 21966 ||| FLEEEEING.
 22088 | Lair:4   | 22088 ||| FLEEEEING.
 22089 | Lair:4   | 22089 ||| FLEEEEING.
 22090 | Lair:4   | 22090 ||| FLEEEEING.
 22127 | Lair:4   | 22127 ||| FLEEEEING.
 22137 | Lair:4   | 22137 ||| Stepping ~*~*~tactically~*~*~ (outnumbered).
 22139 | Lair:4   | 22139 ||| FLEEEEING.
 22140 | Lair:4   | 22140 ||| FLEEEEING.
 22141 | Lair:4   | 22141 ||| FLEEEEING.
 22282 | Lair:4   | 22282 ||| FLEEEEING.
 22302 | Lair:4   | 22302 ||| FLEEEEING.
 22303 | Lair:4   | 22303 ||| FLEEEEING.
 22304 | Lair:4   | 22304 ||| FLEEEEING.
 22338 | Lair:4   | 22338 ||| Stepping ~*~*~tactically~*~*~ (outnumbered).
 22340 | Lair:4   | 22340 ||| Stepping ~*~*~tactically~*~*~ (outnumbered).
 22342 | Lair:4   | 22342 ||| FLEEEEING.
 22344 | Lair:4   | 22344 ||| Stepping ~*~*~tactically~*~*~ (outnumbered).
 22346 | Lair:4   | 22346 ||| Stepping ~*~*~tactically~*~*~ (outnumbered).
 22348 | Lair:4   | 22348 ||| FLEEEEING.
 22349 | Lair:4   | 22349 ||| FLEEEEING.
 22350 | Lair:4   | 22350 ||| FLEEEEING.
 22499 | Lair:4   | 22499 ||| FLEEEEING.
 22500 | Lair:4   | 22500 ||| FLEEEEING.
 22501 | Lair:4   | 22501 ||| FLEEEEING.
 22522 | Lair:4   | 22522 ||| FLEEEEING.
 22536 | Lair:4   | 22536 ||| FLEEEEING.
 22537 | Lair:4   | 22537 ||| FLEEEEING.
 22538 | Lair:4   | 22538 ||| FLEEEEING.
 22577 | Lair:4   | 22577 ||| FLEEEEING.
 22604 | Lair:4   | 22604 ||| FLEEEEING.
 22605 | Lair:4   | 22605 ||| FLEEEEING.
 22606 | Lair:4   | 22606 ||| FLEEEEING.
 22728 | Lair:4   | 22728 ||| Stepping ~*~*~tactically~*~*~ (outnumbered).
 22730 | Lair:4   | 22730 ||| Stepping ~*~*~tactically~*~*~ (outnumbered).
 22732 | Lair:4   | 22732 ||| Stepping ~*~*~tactically~*~*~ (outnumbered).
 22734 | Lair:4   | 22734 ||| FLEEEEING.
 22735 | Lair:4   | 22735 ||| FLEEEEING.
 22736 | Lair:4   | 22736 ||| FLEEEEING.
 22857 | Lair:4   | 22857 ||| FLEEEEING.
 22858 | Lair:4   | 22858 ||| FLEEEEING.
 22890 | Lair:4   | 22890 ||| Stepping ~*~*~tactically~*~*~ (outnumbered).
 22891 | Lair:4   | 22891 ||| FLEEEEING.
 22892 | Lair:4   | 22892 ||| FLEEEEING.
 22930 | Lair:4   | 22930 ||| FLEEEEING.
 22931 | Lair:4   | 22931 ||| FLEEEEING.
 22932 | Lair:4   | 22932 ||| FLEEEEING.
 22977 | Lair:4   | 22977 ||| Stepping ~*~*~tactically~*~*~ (outnumbered).
 22979 | Lair:4   | 22979 ||| Stepping ~*~*~tactically~*~*~ (outnumbered).
 22981 | Lair:4   | 22981 ||| FLEEEEING.
 22982 | Lair:4   | 22982 ||| FLEEEEING.
 22983 | Lair:4   | 22983 ||| FLEEEEING.
 23121 | Lair:4   | 23121 ||| FLEEEEING.
 23122 | Lair:4   | 23122 ||| FLEEEEING.
 23144 | Lair:4   | 23144 ||| Stepping ~*~*~tactically~*~*~ (outnumbered).
 23146 | Lair:4   | 23146 ||| Stepping ~*~*~tactically~*~*~ (outnumbered).
 23148 | Lair:4   | 23148 ||| FLEEEEING.
 23149 | Lair:4   | 23149 ||| FLEEEEING.
 23150 | Lair:4   | 23150 ||| FLEEEEING.
 23272 | Lair:4   | 23272 ||| FLEEEEING.
 23273 | Lair:4   | 23273 ||| FLEEEEING.
 23274 | Lair:4   | 23274 ||| FLEEEEING.
 23409 | Lair:4   | 23409 ||| Stepping ~*~*~tactically~*~*~ (outnumbered).
 23411 | Lair:4   | 23411 ||| FLEEEEING.
 23412 | Lair:4   | 23412 ||| FLEEEEING.
 23413 | Lair:4   | 23413 ||| FLEEEEING.
 23423 | Lair:4   | 23423 ||| FLEEEEING.
 23440 | Lair:4   | 23440 ||| FLEEEEING.
 23441 | Lair:4   | 23441 ||| FLEEEEING.
 23563 | Lair:4   | 23563 ||| FLEEEEING.
 23564 | Lair:4   | 23564 ||| FLEEEEING.
 23565 | Lair:4   | 23565 ||| FLEEEEING.
 23594 | Lair:4   | 23594 ||| FLEEEEING.
 23595 | Lair:4   | 23595 ||| FLEEEEING.
 23596 | Lair:4   | 23596 ||| FLEEEEING.
 23606 | Lair:4   | 23606 ||| FLEEEEING.
 23607 | Lair:4   | 23607 ||| FLEEEEING.
 23608 | Lair:4   | 23608 ||| FLEEEEING.
 23730 | Lair:4   | 23730 ||| FLEEEEING.
 23731 | Lair:4   | 23731 ||| FLEEEEING.
 23732 | Lair:4   | 23732 ||| FLEEEEING.
 23854 | Lair:4   | 23854 ||| FLEEEEING.
 23855 | Lair:4   | 23855 ||| FLEEEEING.
 23856 | Lair:4   | 23856 ||| FLEEEEING.
 23895 | Lair:4   | 23895 ||| FLEEEEING.
 23919 | Lair:4   | 23919 ||| FLEEEEING.
 23920 | Lair:4   | 23920 ||| FLEEEEING.
 23921 | Lair:4   | 23921 ||| FLEEEEING.
 23964 | Lair:4   | 23964 ||| FLEEEEING.
 23965 | Lair:4   | 23965 ||| FLEEEEING.
 23966 | Lair:4   | 23966 ||| FLEEEEING.
 24098 | Lair:4   | 24098 ||| Stepping ~*~*~tactically~*~*~ (outnumbered).
 24099 | Lair:4   | 24099 ||| FLEEEEING.
 24100 | Lair:4   | 24100 ||| FLEEEEING.
 24236 | Lair:4   | 24236 ||| Stepping ~*~*~tactically~*~*~ (outnumbered).
 24237 | Lair:4   | 24237 ||| FLEEEEING.
 24238 | Lair:4   | 24238 ||| FLEEEEING.
 24267 | Lair:4   | 24267 ||| Stepping ~*~*~tactically~*~*~ (outnumbered).
 24268 | Lair:4   | 24268 ||| FLEEEEING.
 24269 | Lair:4   | 24269 ||| FLEEEEING.
 24391 | Lair:4   | 24391 ||| Stepping ~*~*~tactically~*~*~ (outnumbered).
 24393 | Lair:4   | 24393 ||| FLEEEEING.
 24394 | Lair:4   | 24394 ||| FLEEEEING.
 24395 | Lair:4   | 24395 ||| FLEEEEING.
 24527 | Lair:4   | 24527 ||| FLEEEEING.
 24545 | Lair:4   | 24545 ||| Stepping ~*~*~tactically~*~*~ (outnumbered).
 24547 | Lair:4   | 24547 ||| FLEEEEING.
 24548 | Lair:4   | 24548 ||| FLEEEEING.
 24549 | Lair:4   | 24549 ||| FLEEEEING.
 24607 | Lair:4   | 24607 ||| FLEEEEING.
 24608 | Lair:4   | 24608 ||| FLEEEEING.
 24734 | Lair:4   | 24734 ||| FLEEEEING.
 24735 | Lair:4   | 24735 ||| FLEEEEING.
 24736 | Lair:4   | 24736 ||| FLEEEEING.
 24757 | Lair:4   | 24757 ||| Stepping ~*~*~tactically~*~*~ (outnumbered).
 24759 | Lair:4   | 24759 ||| FLEEEEING.
 24760 | Lair:4   | 24760 ||| FLEEEEING.
 24761 | Lair:4   | 24761 ||| FLEEEEING.
 24895 | Lair:4   | 24895 ||| FLEEEEING.
 24926 | Lair:4   | 24926 ||| FLEEEEING.
 24927 | Lair:4   | 24927 ||| FLEEEEING.
 25050 | Lair:4   | 25050 ||| Stepping ~*~*~tactically~*~*~ (outnumbered).
 25052 | Lair:4   | 25052 ||| Stepping ~*~*~tactically~*~*~ (outnumbered).
 25054 | Lair:4   | 25054 ||| FLEEEEING.
 25055 | Lair:4   | 25055 ||| FLEEEEING.
 25056 | Lair:4   | 25056 ||| FLEEEEING.
 25184 | Lair:4   | 25184 ||| FLEEEEING.
 25185 | Lair:4   | 25185 ||| FLEEEEING.
 25186 | Lair:4   | 25186 ||| FLEEEEING.
 25308 | Lair:4   | 25308 ||| FLEEEEING.
 25309 | Lair:4   | 25309 ||| FLEEEEING.
 25310 | Lair:4   | 25310 ||| FLEEEEING.
 25332 | Lair:4   | 25332 ||| FLEEEEING.
 25333 | Lair:4   | 25333 ||| FLEEEEING.
 25334 | Lair:4   | 25334 ||| FLEEEEING.
 25458 | Lair:4   | 25458 ||| FLEEEEING.
 25579 | Lair:4   | 25579 ||| FLEEEEING.
 25582 | Lair:4   | 25582 ||| FLEEEEING.
 25583 | Lair:4   | 25583 ||| FLEEEEING.
 25584 | Lair:4   | 25584 ||| FLEEEEING.
 25627 | Lair:4   | 25627 ||| FLEEEEING.
 25653 | Lair:4   | 25653 ||| FLEEEEING.
 25654 | Lair:4   | 25654 ||| FLEEEEING.
 25655 | Lair:4   | 25655 ||| FLEEEEING.
 25775 | Lair:4   | 25775 ||| FLEEEEING.
 25804 | Lair:4   | 25804 ||| Stepping ~*~*~tactically~*~*~ (outnumbered).
 25806 | Lair:4   | 25806 ||| FLEEEEING.
 25806 | Lair:4   | HP: 30/127 [oklob plant/splash of acid (18)]
 25807 | Lair:4   | 25807 ||| FLEEEEING.
 25808 | Lair:4   | 25808 ||| FLEEEEING.
 25877 | Lair:4   | 25877 ||| Stepping ~*~*~tactically~*~*~ (outnumbered).
 25879 | Lair:4   | 25879 ||| FLEEEEING.
 25880 | Lair:4   | 25880 ||| FLEEEEING.
 25881 | Lair:4   | 25881 ||| FLEEEEING.
 26004 | Lair:4   | 26004 ||| FLEEEEING.
 26124 | Lair:4   | 26124 ||| FLEEEEING.
 26134 | Lair:4   | 26134 ||| Stepping ~*~*~tactically~*~*~ (outnumbered).
 26136 | Lair:4   | 26136 ||| Stepping ~*~*~tactically~*~*~ (outnumbered).
 26137 | Lair:4   | 26137 ||| FLEEEEING.
 26138 | Lair:4   | 26138 ||| FLEEEEING.
 26168 | Lair:4   | 26168 ||| FLEEEEING.
 26169 | Lair:4   | 26169 ||| FLEEEEING.
 26291 | Lair:4   | 26291 ||| FLEEEEING.
 26292 | Lair:4   | 26292 ||| FLEEEEING.
 26293 | Lair:4   | 26293 ||| FLEEEEING.
 26416 | Lair:4   | 26416 ||| FLEEEEING.
 26417 | Lair:4   | 26417 ||| FLEEEEING.
 26426 | Lair:4   | 26426 ||| FLEEEEING.
 26441 | Lair:4   | 26441 ||| FLEEEEING.
 26469 | Lair:4   | 26469 ||| FLEEEEING.
 26470 | Lair:4   | 26470 ||| FLEEEEING.
 26471 | Lair:4   | 26471 ||| FLEEEEING.
 26623 | Lair:4   | 26623 ||| Stepping ~*~*~tactically~*~*~ (outnumbered).
 26625 | Lair:4   | 26625 ||| FLEEEEING.
 26626 | Lair:4   | 26626 ||| FLEEEEING.
 26627 | Lair:4   | 26627 ||| FLEEEEING.
 26656 | Lair:4   | 26656 ||| FLEEEEING.
 26657 | Lair:4   | 26657 ||| FLEEEEING.
 26789 | Lair:4   | 26789 ||| FLEEEEING.
 26790 | Lair:4   | 26790 ||| FLEEEEING.
 26791 | Lair:4   | 26791 ||| FLEEEEING.
 26827 | Lair:4   | 26827 ||| FLEEEEING.
 26842 | Lair:4   | 26842 ||| FLEEEEING.
 26962 | Lair:4   | 26962 ||| FLEEEEING.
 27082 | Lair:4   | 27082 ||| FLEEEEING.
 27095 | Lair:4   | 27095 ||| FLEEEEING.
 27096 | Lair:4   | 27096 ||| FLEEEEING.
 27097 | Lair:4   | 27097 ||| FLEEEEING.
 27113 | Lair:4   | 27113 ||| FLEEEEING.
 27114 | Lair:4   | 27114 ||| FLEEEEING.
 27115 | Lair:4   | 27115 ||| FLEEEEING.
 27167 | Lair:4   | 27167 ||| FLEEEEING.
 27168 | Lair:4   | 27168 ||| FLEEEEING.
 27193 | Lair:4   | 27193 ||| FLEEEEING.
 27314 | Lair:4   | 27314 ||| FLEEEEING.
 27315 | Lair:4   | 27315 ||| FLEEEEING.
 27343 | Lair:4   | 27343 ||| FLEEEEING.
 27344 | Lair:4   | 27344 ||| FLEEEEING.
 27345 | Lair:4   | 27345 ||| FLEEEEING.
 27401 | Lair:4   | 27401 ||| Stepping ~*~*~tactically~*~*~ (outnumbered).
 27403 | Lair:4   | 27403 ||| Stepping ~*~*~tactically~*~*~ (outnumbered).
 27404 | Lair:4   | 27404 ||| FLEEEEING.
 27405 | Lair:4   | 27405 ||| FLEEEEING.
 27421 | Lair:4   | Fell from the grace of Okawaru
 27680 | Temple   | 27680 ||| PLANNING TEMPLE
 27680 | Temple   | Became a worshipper of Warmaster Okawaru
 27686 | Temple   | 27686 ||| PLANNING LAIR
 27958 | Lair:4   | 27958 ||| FLEEEEING.
 27985 | Lair:4   | 27985 ||| FLEEEEING.
 27986 | Lair:4   | 27986 ||| FLEEEEING.
 27997 | Lair:4   | 27997 ||| FLEEEEING.
 27998 | Lair:4   | 27998 ||| FLEEEEING.
 27999 | Lair:4   | 27999 ||| FLEEEEING.
 28034 | Lair:4   | 28034 ||| FLEEEEING.
 28035 | Lair:4   | 28035 ||| FLEEEEING.
 28168 | Lair:4   | 28168 ||| FLEEEEING.
 28169 | Lair:4   | 28169 ||| FLEEEEING.
 28291 | Lair:4   | 28291 ||| Stepping ~*~*~tactically~*~*~ (outnumbered).
 28293 | Lair:4   | 28293 ||| FLEEEEING.
 28294 | Lair:4   | 28294 ||| FLEEEEING.
 28295 | Lair:4   | 28295 ||| FLEEEEING.
 28417 | Lair:4   | 28417 ||| FLEEEEING.
 28418 | Lair:4   | 28418 ||| FLEEEEING.
 28419 | Lair:4   | 28419 ||| FLEEEEING.
 28444 | Lair:4   | 28444 ||| FLEEEEING.
 28445 | Lair:4   | 28445 ||| FLEEEEING.
 28480 | Lair:4   | 28480 ||| FLEEEEING.
 28481 | Lair:4   | 28481 ||| FLEEEEING.
 28482 | Lair:4   | 28482 ||| FLEEEEING.
 28611 | Lair:4   | 28611 ||| FLEEEEING.
 28612 | Lair:4   | 28612 ||| FLEEEEING.
 28613 | Lair:4   | 28613 ||| FLEEEEING.
 28661 | Lair:4   | 28661 ||| FLEEEEING.
 28662 | Lair:4   | 28662 ||| FLEEEEING.
 28663 | Lair:4   | 28663 ||| FLEEEEING.
 28673 | Lair:4   | 28673 ||| Stepping ~*~*~tactically~*~*~ (outnumbered).
 28675 | Lair:4   | 28675 ||| FLEEEEING.
 28676 | Lair:4   | 28676 ||| FLEEEEING.
 28677 | Lair:4   | 28677 ||| FLEEEEING.
 28716 | Lair:4   | 28716 ||| Stepping ~*~*~tactically~*~*~ (outnumbered).
 28718 | Lair:4   | 28718 ||| Stepping ~*~*~tactically~*~*~ (outnumbered).
 28720 | Lair:4   | 28720 ||| FLEEEEING.
 28721 | Lair:4   | 28721 ||| FLEEEEING.
 28722 | Lair:4   | 28722 ||| FLEEEEING.
 28740 | Lair:4   | 28740 ||| FLEEEEING.
 28754 | Lair:4   | 28754 ||| FLEEEEING.
 28755 | Lair:4   | 28755 ||| FLEEEEING.
 28767 | Lair:4   | 28767 ||| FLEEEEING.
 28768 | Lair:4   | 28768 ||| FLEEEEING.
 28769 | Lair:4   | 28769 ||| FLEEEEING.
 28898 | Lair:4   | 28898 ||| FLEEEEING.
 28923 | Lair:4   | 28923 ||| FLEEEEING.
 28924 | Lair:4   | 28924 ||| FLEEEEING.
 28951 | Lair:4   | 28951 ||| FLEEEEING.
 28952 | Lair:4   | 28952 ||| FLEEEEING.
 28953 | Lair:4   | 28953 ||| FLEEEEING.
 28963 | Lair:4   | 28963 ||| Stepping ~*~*~tactically~*~*~ (outnumbered).
 28965 | Lair:4   | 28965 ||| FLEEEEING.
 28966 | Lair:4   | 28966 ||| FLEEEEING.
 28966 | Lair:4   | HP: 31/127 [oklob plant/splash of acid (37)]
 28967 | Lair:4   | 28967 ||| FLEEEEING.
 29030 | Lair:4   | 29030 ||| FLEEEEING.
 29032 | Lair:4   | 29032 ||| Stepping ~*~*~tactically~*~*~ (outnumbered).
 29034 | Lair:4   | 29034 ||| Stepping ~*~*~tactically~*~*~ (outnumbered).
 29036 | Lair:4   | 29036 ||| FLEEEEING.
 29036 | Lair:4   | HP: 27/127 [oklob plant/splash of acid (24)]
 29037 | Lair:4   | 29037 ||| FLEEEEING.
 29038 | Lair:4   | 29038 ||| FLEEEEING.
 29105 | Lair:4   | 29105 ||| FLEEEEING.
 29106 | Lair:4   | 29106 ||| FLEEEEING.
 29107 | Lair:4   | 29107 ||| FLEEEEING.
 29139 | Lair:4   | 29139 ||| Stepping ~*~*~tactically~*~*~ (outnumbered).
 29141 | Lair:4   | 29141 ||| Stepping ~*~*~tactically~*~*~ (outnumbered).
 29142 | Lair:4   | 29142 ||| FLEEEEING.
 29143 | Lair:4   | 29143 ||| FLEEEEING.
 29268 | Lair:4   | 29268 ||| FLEEEEING.
 29269 | Lair:4   | 29269 ||| FLEEEEING.
 29270 | Lair:4   | 29270 ||| FLEEEEING.
 29393 | Lair:4   | 29393 ||| Stepping ~*~*~tactically~*~*~ (outnumbered).
 29395 | Lair:4   | 29395 ||| Stepping ~*~*~tactically~*~*~ (outnumbered).
 29397 | Lair:4   | 29397 ||| Stepping ~*~*~tactically~*~*~ (outnumbered).
 29399 | Lair:4   | 29399 ||| Stepping ~*~*~tactically~*~*~ (outnumbered).
 29400 | Lair:4   | 29400 ||| FLEEEEING.
 29401 | Lair:4   | 29401 ||| FLEEEEING.
 29427 | Lair:4   | 29427 ||| FLEEEEING.
 29428 | Lair:4   | 29428 ||| FLEEEEING.
 29550 | Lair:4   | 29550 ||| FLEEEEING.
 29551 | Lair:4   | 29551 ||| FLEEEEING.
 29552 | Lair:4   | 29552 ||| FLEEEEING.
 29592 | Lair:4   | 29592 ||| FLEEEEING.
 29713 | Lair:4   | 29713 ||| FLEEEEING.
 29714 | Lair:4   | 29714 ||| FLEEEEING.
 29728 | Lair:4   | 29728 ||| Stepping ~*~*~tactically~*~*~ (outnumbered).
 29730 | Lair:4   | 29730 ||| Stepping ~*~*~tactically~*~*~ (outnumbered).
 29732 | Lair:4   | 29732 ||| FLEEEEING.
 29733 | Lair:4   | 29733 ||| FLEEEEING.
 29734 | Lair:4   | 29734 ||| FLEEEEING.
 29870 | Lair:4   | 29870 ||| FLEEEEING.
 29871 | Lair:4   | 29871 ||| FLEEEEING.
 29872 | Lair:4   | 29872 ||| FLEEEEING.
 29901 | Lair:4   | 29901 ||| FLEEEEING.
 29916 | Lair:4   | 29916 ||| FLEEEEING.
 29917 | Lair:4   | 29917 ||| FLEEEEING.
 30045 | Lair:4   | 30045 ||| FLEEEEING.
 30046 | Lair:4   | 30046 ||| FLEEEEING.
 30072 | Lair:4   | 30072 ||| FLEEEEING.
 30073 | Lair:4   | 30073 ||| FLEEEEING.
 30074 | Lair:4   | 30074 ||| FLEEEEING.
 30105 | Lair:4   | 30105 ||| FLEEEEING.
 30106 | Lair:4   | 30106 ||| FLEEEEING.
 30107 | Lair:4   | 30107 ||| FLEEEEING.
 30229 | Lair:4   | 30229 ||| FLEEEEING.
 30230 | Lair:4   | 30230 ||| FLEEEEING.
 30231 | Lair:4   | 30231 ||| FLEEEEING.
 30357 | Lair:4   | 30357 ||| FLEEEEING.
 30358 | Lair:4   | 30358 ||| FLEEEEING.
 30359 | Lair:4   | 30359 ||| FLEEEEING.
 30497 | Lair:4   | 30497 ||| FLEEEEING.
 30498 | Lair:4   | 30498 ||| FLEEEEING.
 30499 | Lair:4   | 30499 ||| FLEEEEING.
 30534 | Lair:4   | 30534 ||| FLEEEEING.
 30535 | Lair:4   | 30535 ||| FLEEEEING.
 30536 | Lair:4   | 30536 ||| FLEEEEING.
 30658 | Lair:4   | 30658 ||| Stepping ~*~*~tactically~*~*~ (outnumbered).
 30660 | Lair:4   | 30660 ||| FLEEEEING.
 30661 | Lair:4   | 30661 ||| FLEEEEING.
 30664 | Lair:4   | 30664 ||| FLEEEEING.
 30665 | Lair:4   | 30665 ||| FLEEEEING.
 30666 | Lair:4   | 30666 ||| FLEEEEING.
 30697 | Lair:4   | 30697 ||| FLEEEEING.
 30822 | Lair:4   | 30822 ||| Stepping ~*~*~tactically~*~*~ (outnumbered).
 30824 | Lair:4   | 30824 ||| Stepping ~*~*~tactically~*~*~ (outnumbered).
 30826 | Lair:4   | 30826 ||| Stepping ~*~*~tactically~*~*~ (outnumbered).
 30828 | Lair:4   | 30828 ||| Stepping ~*~*~tactically~*~*~ (outnumbered).
 30830 | Lair:4   | 30830 ||| FLEEEEING.
 30831 | Lair:4   | 30831 ||| FLEEEEING.
 30832 | Lair:4   | 30832 ||| FLEEEEING.
 30867 | Lair:4   | 30867 ||| FLEEEEING.
 30868 | Lair:4   | 30868 ||| FLEEEEING.
 30902 | Lair:4   | 30902 ||| FLEEEEING.
 30903 | Lair:4   | 30903 ||| FLEEEEING.
 30904 | Lair:4   | 30904 ||| FLEEEEING.
 30928 | Lair:4   | 30928 ||| Stepping ~*~*~tactically~*~*~ (outnumbered).
 30929 | Lair:4   | 30929 ||| FLEEEEING.
 30930 | Lair:4   | 30930 ||| FLEEEEING.
 30956 | Lair:4   | 30956 ||| FLEEEEING.
 30957 | Lair:4   | 30957 ||| FLEEEEING.
 30958 | Lair:4   | 30958 ||| FLEEEEING.
 30987 | Lair:4   | 30987 ||| FLEEEEING.
 31111 | Lair:4   | 31111 ||| FLEEEEING.
 31112 | Lair:4   | 31112 ||| FLEEEEING.
 31113 | Lair:4   | 31113 ||| FLEEEEING.
 31138 | Lair:4   | 31138 ||| FLEEEEING.
 31139 | Lair:4   | 31139 ||| FLEEEEING.
 31140 | Lair:4   | 31140 ||| FLEEEEING.
 31173 | Lair:4   | 31173 ||| FLEEEEING.
 31174 | Lair:4   | 31174 ||| FLEEEEING.
 31175 | Lair:4   | 31175 ||| FLEEEEING.
 31301 | Lair:4   | 31301 ||| FLEEEEING.
 31302 | Lair:4   | 31302 ||| FLEEEEING.
 31303 | Lair:4   | 31303 ||| FLEEEEING.
 31336 | Lair:4   | 31336 ||| Stepping ~*~*~tactically~*~*~ (outnumbered).
 31338 | Lair:4   | 31338 ||| FLEEEEING.
 31339 | Lair:4   | 31339 ||| FLEEEEING.
 31339 | Lair:4   | HP: 30/127 [oklob plant/splash of acid (28)]
 31340 | Lair:4   | 31340 ||| FLEEEEING.
 31403 | Lair:4   | 31403 ||| FLEEEEING.
 31404 | Lair:4   | 31404 ||| FLEEEEING.
 31405 | Lair:4   | 31405 ||| FLEEEEING.
 31417 | Lair:4   | 31417 ||| FLEEEEING.
 31418 | Lair:4   | 31418 ||| FLEEEEING.
 31419 | Lair:4   | 31419 ||| FLEEEEING.
 31465 | Lair:4   | 31465 ||| FLEEEEING.
 31466 | Lair:4   | 31466 ||| FLEEEEING.
 31467 | Lair:4   | 31467 ||| FLEEEEING.
 31502 | Lair:4   | 31502 ||| FLEEEEING.
 31624 | Lair:4   | 31624 ||| FLEEEEING.
 31625 | Lair:4   | 31625 ||| FLEEEEING.
 31626 | Lair:4   | 31626 ||| FLEEEEING.
 31749 | Lair:4   | 31749 ||| Stepping ~*~*~tactically~*~*~ (outnumbered).
 31751 | Lair:4   | 31751 ||| Stepping ~*~*~tactically~*~*~ (outnumbered).
 31752 | Lair:4   | 31752 ||| FLEEEEING.
 31753 | Lair:4   | 31753 ||| FLEEEEING.
 31766 | Lair:4   | 31766 ||| FLEEEEING.
 31767 | Lair:4   | 31767 ||| FLEEEEING.
 31768 | Lair:4   | 31768 ||| FLEEEEING.
 31795 | Lair:4   | 31795 ||| FLEEEEING.
 31796 | Lair:4   | 31796 ||| FLEEEEING.
 31797 | Lair:4   | 31797 ||| FLEEEEING.
 31919 | Lair:4   | 31919 ||| FLEEEEING.
 31920 | Lair:4   | 31920 ||| FLEEEEING.
 31921 | Lair:4   | 31921 ||| FLEEEEING.
 31954 | Lair:4   | 31954 ||| FLEEEEING.
 31955 | Lair:4   | 31955 ||| FLEEEEING.
 31956 | Lair:4   | 31956 ||| FLEEEEING.
 31989 | Lair:4   | 31989 ||| Stepping ~*~*~tactically~*~*~ (outnumbered).
 31991 | Lair:4   | 31991 ||| FLEEEEING.
 31992 | Lair:4   | 31992 ||| FLEEEEING.
 31993 | Lair:4   | 31993 ||| FLEEEEING.
 32131 | Lair:4   | 32131 ||| Stepping ~*~*~tactically~*~*~ (outnumbered).
 32133 | Lair:4   | 32133 ||| Stepping ~*~*~tactically~*~*~ (outnumbered).
 32134 | Lair:4   | 32134 ||| FLEEEEING.
 32135 | Lair:4   | 32135 ||| FLEEEEING.
 32154 | Lair:4   | 32154 ||| FLEEEEING.
 32155 | Lair:4   | 32155 ||| FLEEEEING.
 32277 | Lair:4   | 32277 ||| FLEEEEING.
 32278 | Lair:4   | 32278 ||| FLEEEEING.
 32279 | Lair:4   | 32279 ||| FLEEEEING.
 32310 | Lair:4   | 32310 ||| FLEEEEING.
 32332 | Lair:4   | 32332 ||| FLEEEEING.
 32333 | Lair:4   | 32333 ||| FLEEEEING.
 32334 | Lair:4   | 32334 ||| FLEEEEING.
 32356 | Lair:4   | 32356 ||| FLEEEEING.
 32357 | Lair:4   | 32357 ||| FLEEEEING.
 32358 | Lair:4   | 32358 ||| FLEEEEING.
 32388 | Lair:4   | 32388 ||| Stepping ~*~*~tactically~*~*~ (outnumbered).
 32390 | Lair:4   | 32390 ||| FLEEEEING.
 32391 | Lair:4   | 32391 ||| FLEEEEING.
 32392 | Lair:4   | 32392 ||| FLEEEEING.
 32518 | Lair:4   | 32518 ||| FLEEEEING.
 32519 | Lair:4   | 32519 ||| FLEEEEING.
 32520 | Lair:4   | 32520 ||| FLEEEEING.
 32640 | Lair:4   | 32640 ||| FLEEEEING.
 32760 | Lair:4   | 32760 ||| FLEEEEING.
 32780 | Lair:4   | 32780 ||| FLEEEEING.
 32781 | Lair:4   | 32781 ||| FLEEEEING.
 32782 | Lair:4   | 32782 ||| FLEEEEING.
 32805 | Lair:4   | Glimpsed the power of Zot.
 32815 | Lair:4   | 32815 ||| FLEEEEING.
 32816 | Lair:4   | 32816 ||| FLEEEEING.
 32817 | Lair:4   | 32817 ||| FLEEEEING.
 32850 | Lair:4   | 32850 ||| FLEEEEING.
 32851 | Lair:4   | 32851 ||| FLEEEEING.
 32852 | Lair:4   | 32852 ||| FLEEEEING.
 32878 | Lair:4   | 32878 ||| FLEEEEING.
 32879 | Lair:4   | 32879 ||| FLEEEEING.
 32880 | Lair:4   | 32880 ||| FLEEEEING.
 32904 | Lair:4   | 32904 ||| FLEEEEING.
 32905 | Lair:4   | 32905 ||| FLEEEEING.
 32906 | Lair:4   | 32906 ||| FLEEEEING.
 32918 | Lair:4   | 32918 ||| FLEEEEING.
 32919 | Lair:4   | 32919 ||| FLEEEEING.
 32920 | Lair:4   | 32920 ||| FLEEEEING.
 32946 | Lair:4   | 32946 ||| FLEEEEING.
 32947 | Lair:4   | 32947 ||| FLEEEEING.
 32948 | Lair:4   | 32948 ||| FLEEEEING.
 32993 | Lair:4   | 32993 ||| FLEEEEING.
 32994 | Lair:4   | 32994 ||| FLEEEEING.
 32995 | Lair:4   | 32995 ||| FLEEEEING.
 33023 | Lair:4   | 33023 ||| Stepping ~*~*~tactically~*~*~ (outnumbered).
 33025 | Lair:4   | 33025 ||| Stepping ~*~*~tactically~*~*~ (outnumbered).
 33027 | Lair:4   | 33027 ||| FLEEEEING.
 33028 | Lair:4   | 33028 ||| FLEEEEING.
 33029 | Lair:4   | 33029 ||| FLEEEEING.
 33071 | Lair:4   | 33071 ||| FLEEEEING.
 33072 | Lair:4   | 33072 ||| FLEEEEING.
 33073 | Lair:4   | 33073 ||| FLEEEEING.
 33110 | Lair:4   | 33110 ||| Stepping ~*~*~tactically~*~*~ (outnumbered).
 33112 | Lair:4   | 33112 ||| Stepping ~*~*~tactically~*~*~ (outnumbered).
 33114 | Lair:4   | 33114 ||| FLEEEEING.
 33115 | Lair:4   | 33115 ||| FLEEEEING.
 33116 | Lair:4   | 33116 ||| FLEEEEING.
 33126 | Lair:4   | 33126 ||| FLEEEEING.
 33127 | Lair:4   | 33127 ||| FLEEEEING.
 33128 | Lair:4   | 33128 ||| FLEEEEING.
 33162 | Lair:4   | 33162 ||| FLEEEEING.
 33163 | Lair:4   | 33163 ||| FLEEEEING.
 33164 | Lair:4   | 33164 ||| FLEEEEING.
 33193 | Lair:4   | 33193 ||| FLEEEEING.
 33194 | Lair:4   | 33194 ||| FLEEEEING.
 33195 | Lair:4   | 33195 ||| FLEEEEING.
 33235 | Lair:4   | 33235 ||| FLEEEEING.
 33237 | Lair:4   | 33237 ||| FLEEEEING.
 33238 | Lair:4   | 33238 ||| FLEEEEING.
 33239 | Lair:4   | 33239 ||| FLEEEEING.
 33270 | Lair:4   | 33270 ||| Stepping ~*~*~tactically~*~*~ (outnumbered).
 33272 | Lair:4   | 33272 ||| Stepping ~*~*~tactically~*~*~ (outnumbered).
 33274 | Lair:4   | 33274 ||| FLEEEEING.
 33275 | Lair:4   | 33275 ||| FLEEEEING.
 33276 | Lair:4   | 33276 ||| FLEEEEING.
 33305 | Lair:4   | Glimpsed the power of Zot.
 33316 | Lair:4   | 33316 ||| FLEEEEING.
 33325 | Lair:4   | 33325 ||| FLEEEEING.
 33326 | Lair:4   | 33326 ||| FLEEEEING.
 33351 | Lair:4   | 33351 ||| FLEEEEING.
 33352 | Lair:4   | 33352 ||| FLEEEEING.
 33353 | Lair:4   | 33353 ||| FLEEEEING.
 33415 | Lair:4   | 33415 ||| FLEEEEING.
 33416 | Lair:4   | 33416 ||| FLEEEEING.
 33417 | Lair:4   | 33417 ||| FLEEEEING.
 33476 | Lair:4   | 33476 ||| FLEEEEING.
 33477 | Lair:4   | 33477 ||| FLEEEEING.
 33478 | Lair:4   | 33478 ||| FLEEEEING.
 33504 | Lair:4   | 33504 ||| FLEEEEING.
 33505 | Lair:4   | 33505 ||| FLEEEEING.
 33506 | Lair:4   | 33506 ||| FLEEEEING.
 33544 | Lair:4   | 33544 ||| FLEEEEING.
 33545 | Lair:4   | 33545 ||| FLEEEEING.
 33546 | Lair:4   | 33546 ||| FLEEEEING.
 33566 | Lair:4   | 33566 ||| FLEEEEING.
 33567 | Lair:4   | 33567 ||| FLEEEEING.
 33568 | Lair:4   | 33568 ||| FLEEEEING.
 33586 | Lair:4   | 33586 ||| PLANNING LAIR
 33586 | Lair:4   | Quit the game

Levels and vault maps discovered:
D:1:      tarquinn_simple_flora_water_f, layout_basic,
          chequers_ecumenical_altar_simple, minmay_misc_feat_doors
D:2:      layout_basic, nicolae_eternal_life, minivault_23,
          chequers_serial_rivers_micro_a, nrook_uturn
D:3:      minmay_goblin_kobold_castle, layout_loops_cross
D:4:      layout_loops_ring, minmay_temple_entry_fiery,
          cheibrodos_sewer_entry_drain, minmay_statues_item
D:5:      layout_loops_ring, tso_metal_star, nicolae_gozag_seed_capital,
          chequers_hall_statues_wall_a, grunt_decor_clamped, uniq_ijyb,
          uniq_pikel
D:6:      layout_basic, mainiacjoe_overflow_catwalk_spiral,
          corexii_checkpoint_a, minmay_a_box_with_orc_wizards_in_it
D:7:      layout_cave_pools, solitary_fountain, uniq_joseph, uniq_prince_ribbit1
D:8:      layout_cave_pools, nzn_overflow_gifts_of_might_and_magic,
          minmay_diced_spiral, uniq_amaemon
D:9:      layout_roguey [special_room_orc], orc_david_3,
          gammafunk_ghost_necromancy
D:10:     layout_loops_ring, david_lair_generic, kennysheep_generic_room_5,
          uniq_grum
Temple:   nicolae_temple_superstar
Lair:1:   layout_roguey, infiniplex_staircase_pool_2
Lair:2:   layout_regular_city, nicolae_quartered_pool_super, lemuel_fruit_tree
Lair:3:   layout_regular_city, minmay_swamp_entry_reptiles,
          minmay_snake_entry_guardpost_small, kennysheep_snail_temple,
          grunt_megastairs_5
Lair:4:   dpeg_oklob_gauntlet, layout_cave_pods, nicolae_slime_entry_slimehenge,
          nzn_ghost_randoct

Skill      XL: |  1  2  3  4  5  6  7  8  9 10 11 12 13 |
---------------+----------------------------------------+-----
Unarmed Combat | 4 5 6 8 9 10 12 13 16 18 | 18.1
Fighting       | 3 4 5 6 7 8 |  8.0
Throwing       | 1 4 5 |  5.8
Dodging        | 3 |  3.9
Armour         | 2 |  2.9
Invocations    | 1 4 6 |  6.6
Spellcasting   | |  1.0
Fire Magic     | |  2.1

Action                   |  1- 3 |  4- 6 |  7- 9 | 10-12 | 13-15 || total
-------------------------+-------+-------+-------+-------+-------++-------
Melee: Unarmed           |   111 |   186 |   203 |   447 |    69 ||  1016
       Punch             |     1 |     1 |    10 |    31 |    10 ||    53
Throw: Boomerang         |       |    39 |    46 |    70 |     4 ||   159
       Large rock        |       |       |    13 |     3 |       ||    16
       Javelin           |       |       |       |    36 |    15 ||    51
Invok: Fiery Armour      |       |     5 |     2 |     6 |       ||    13
       Heroism           |       |       |       |    20 |    56 ||    76
       Finesse           |       |       |       |       |     1 ||     1
  Use: Scroll            |     4 |     5 |    16 |     6 |       ||    31
       Potion            |     3 |     3 |     6 |     1 |       ||    13
Armor: Robe              |    29 |    65 |    81 |    90 |       ||   265
       Troll leather arm |       |       |       |    48 |     8 ||    56
Dodge: Dodged            |    36 |    67 |    96 |   153 |    78 ||   430
       Repelled          |       |       |       |     2 |   186 ||   188
Block: Other             |     5 |    23 |    33 |    79 |    48 ||   188
       Reflection        |       |     3 |     1 |     4 |    40 ||    48

Table legend:
 A = Non-vault XP
 B = Vault XP
 C = Vault XP percentage of total XP
 D = Non-vault monster count
 E = Vault monster count
 F = Vault count percentage of total count
                 A         B        C        D         E       F
            +---------+---------+-------+---------+---------+-------
      Total |   39548 |   10267 |  20.6 |     281 |     146 |  34.2
            +---------+---------+-------+---------+---------+-------
        D:1 |      55 |       0 |   0.0 |      26 |       0 |   0.0
        D:2 |      39 |       0 |   0.0 |      13 |       0 |   0.0
        D:3 |      43 |     321 |  88.2 |      14 |      54 |  79.4
        D:4 |     543 |       3 |   0.5 |      26 |       2 |   7.1
        D:5 |     504 |     665 |  56.9 |      17 |       2 |  10.5
        D:6 |     756 |     109 |  12.6 |      14 |       5 |  26.3
        D:7 |     419 |     703 |  62.7 |       4 |       2 |  33.3
        D:8 |    1284 |    2063 |  61.6 |      21 |      12 |  36.4
        D:9 |    3053 |     503 |  14.1 |      24 |      27 |  52.9
       D:10 |    3205 |    2248 |  41.2 |      35 |      12 |  25.5
     Lair:1 |    6155 |       0 |   0.0 |      22 |       0 |   0.0
     Lair:2 |    5566 |       0 |   0.0 |      20 |       0 |   0.0
     Lair:3 |    5088 |    3351 |  39.7 |      14 |      13 |  48.1
     Lair:4 |   12838 |     255 |   1.9 |      31 |       7 |  18.4
      Sewer |       0 |      46 | 100.0 |       0 |      10 | 100.0
            +---------+---------+-------+---------+---------+-------
